Cogmind - Beta 12 @@@ ROGUE MODE // 2023.03.12 @ 20:42:59 Player: Runia Result: Smashed by cave-in Performance ------------- Evolutions (9) 4500 Regions Visited (33) 6600 Robots Destroyed (542) 2710 Value Destroyed (31349) 31349 Prototype IDs (257) 5140 Alien Tech Used (12) 2400 Bonus (31768) 31768 TOTAL SCORE: 84467 Bonus ------- Triggered High Security 500 High Alert Combat Kills 6328 Follower Combat Kills 1193 Network Hubs Disabled 400 Aligned with FarCom 300 Met Data Miner 300 Used Data Conduit 3000 Destroyed Z-Imprinter 1000 Triggered Deep Caves Wall 500 Exposed GOLEM Chamber 500 Met Zhirov 300 Met R17 at Cetus 500 Pursued by Intercept 2000 Destroyed MAIN.C Shell 5000 Destroyed MAIN.C 10000 Friendly Fire -53 Cogmind --------- Core Integrity 0/1600 Matter 197/300 Energy 4100/4100 System Corruption 24% Temperature Cool (0) Movement Treading (225) Ox1 Location -1/Command Parts ------- > --- POWER (4) -------- Hybrid Antimatter Reactor Matter Drive > --- PROPULSION (4) --- Biometal Heavy Treads Assembled Alloy Leg > --- UTILITY (14) ----- Huge Storage Unit Experimental Energy Well Experimental Energy Well Experimental Energy Well Experimental Energy Well Experimental Energy Well GOLEM Unit Microwarp Drive > --- WEAPON (4) ------- Railgun > --- INVENTORY (27) --- Hybrid Antimatter Reactor Quantum Reactor Quantum Reactor Advanced Coolant Injector Experimental Energy Well (600) Experimental Energy Well (600) Advanced Transmission Jammer Heavy Regenerative Plating Improved Remote Force Field High-powered Transdimensional Reconstructor Subatomic Replicator Drained L-Cannon Peak State ------------ > --- POWER ------------ Hybrid Antimatter Reactor Hybrid Antimatter Reactor Matter Drive > --- PROPULSION ------- Advanced Heavy Siege Treads Assembled Alloy Leg Assembled Alloy Leg > --- UTILITY ---------- Assembled Nanovents Assembled Nanovents Assembled Nanovents Advanced Coolant Injector Huge Storage Unit Assembled Biocell Array Assembled Suspension Frame Assembled Combat Suite Assembled Alloy Armor Improved Remote Force Field GOLEM Unit Microwarp Drive > --- WEAPON ----------- Drained L-Cannon > --- INVENTORY -------- Hybrid Antimatter Reactor Hybrid Antimatter Reactor Hybrid Antimatter Reactor Quantum Reactor Quantum Reactor Advanced Energy Well Experimental Energy Well Experimental Energy Well Experimental Energy Well Experimental Energy Well Experimental Energy Well Experimental Energy Well Experimental Energy Well Advanced Transmission Jammer Heavy Regenerative Plating GOLEM Unit High-powered Transdimensional Reconstructor Subatomic Replicator Null Cannon [Rating: 275] Favorites ----------- Power Assembled Flux Generator Engine Heavy Deuterium Engine Power Core Light Nuclear Core Reactor Assembled Flux Generator Propulsion Assembled Alloy Leg Treads Armored Treads Leg Assembled Alloy Leg Wheel Wheel Utility Huge Storage Unit Device GOLEM Unit Storage Huge Storage Unit Processor Advanced Signal Interpreter Hackware Advanced Hacking Suite Protection Centrium Medium Armor Plating Artifact Microwarp Drive Weapon Assembled Focal Cannon Energy Cannon Assembled Focal Cannon Ballistic Gun Enhanced Autogun Launcher Mini Grenade Launcher Impact Weapon Makeshift Hammer Slashing Weapon Greatsword Special Melee Weapon Advanced Datajack Build | -11 -10 -10 -10 -9 -8 -7 -7 -7 -7 -6 -6 -6 -6 -6 -6 -5 -5 -5 -5 -5 -5 -4 -4 -4 -4 -3 -3 -3 -2 -2 -2 -1 -1 ------- Run | Jun Mat Min Exi Min Mat Fac Low Low Dat Pro Fac Low Low Zio Dee Pro Fac Ext Cet Arc Hub Fac Upp Upp Zhi Pro Res Qua Res Tes Sec Acc Com Slots Evolved 18 | . . . . . 4 2 . . . . 2 . . . . . 2 . . . . 2 . . . . 2 . 2 . . 2 . Power 2 | . . . . . . 1 . . . . . . . . . . . . . . . . . . . . . . . . . 1 . Propulsion 2 | . . . . . 1 . . . . . . . . . . . . . . . . 1 . . . . . . . . . . . Utility 12 | . . . . . 2 1 . . . . 2 . . . . . 2 . . . . 1 . . . . 2 . 2 . . . . Weapon 2 | . . . . . 1 . . . . . . . . . . . . . . . . . . . . . . . . . . 1 . Parts Attached 507 | 2 7 4 1 4 29 58 3 4 19 7 19 5 6 7 59 5 7 7 5 13 14 23 6 6 6 2 14 13 15 4 36 7 90 Power 55 | . . 1 . . 1 3 . . 3 . . . 1 . 6 . . . . . 1 1 . . 1 . . . 1 . 3 1 32 Engine 8 | . . 1 . . 1 3 . . . . . . 1 . 2 . . . . . . . . . . . . . . . . . . Core 1 | . . . . . . . . . . . . . . . 1 . . . . . . . . . . . . . . . . . . Reactor 46 | . . . . . . . . . 3 . . . . . 3 . . . . . 1 1 . . 1 . . . 1 . 3 1 32 Propulsion 56 | 2 3 1 . . 6 11 . . 2 4 2 . . 1 5 1 1 1 . 2 1 3 . . . . . . 1 . 6 1 2 Treads 43 | 2 2 1 . . 4 7 . . 2 2 2 . . 1 4 1 1 1 . 2 1 3 . . . . . . 1 . 4 . 2 Leg 4 | . . . . . . . . . . . . . . . 1 . . . . . . . . . . . . . . . 2 1 . Wheel 9 | . 1 . . . 2 4 . . . 2 . . . . . . . . . . . . . . . . . . . . . . . Hover . | . . . . . . . . . . . . . . . . . . . . . . . . . . . . . . . . . . Flight . | . . . . . . . . . . . . . . . . . . . . . . . . . . . . . . . . . . Utility 285 | . 3 . 1 . 14 35 1 2 6 . 9 4 3 1 25 3 6 6 4 10 7 18 5 4 5 2 14 13 13 3 25 4 39 Device 154 | . . . . . 7 23 1 2 3 . 5 3 3 . 10 3 . 2 2 8 6 13 5 4 4 2 9 13 6 1 12 1 6 Storage 40 | . 1 . 1 . . 1 . . . . . . . . 4 . . . . . . 3 . . . . 1 . 3 . 4 1 21 Processor 9 | . . . . . 1 1 . . 1 . 1 . . 1 . . 2 . . . 1 1 . . . . . . . . . . . Hackware 11 | . . . . . . 1 . . . . 1 . . . . . 2 . . . . . . . 1 . 2 . 3 . . . 1 Protection 59 | . 2 . . . 6 9 . . 2 . 2 1 . . 11 . 2 4 2 2 . 1 . . . . 2 . 1 2 5 . 5 Artifact 12 | . . . . . . . . . . . . . . . . . . . . . . . . . . . . . . . 4 2 6 Weapon 111 | . 1 2 . 4 8 9 2 2 8 3 8 1 2 5 23 1 . . 1 1 5 1 1 2 . . . . . 1 2 1 17 Energy Gun . | . . . . . . . . . . . . . . . . . . . . . . . . . . . . . . . . . . Energy Cannon 39 | . . . . . . 3 . 1 3 1 3 . . . 6 . . . 1 . 4 1 . . . . . . . 1 . . 15 Ballistic Gun 43 | . . 2 . 2 6 6 1 1 4 2 3 1 1 4 5 . . . . . . . . . . . . . . . 2 1 2 Ballistic Cannon . | . . . . . . . . . . . . . . . . . . . . . . . . . . . . . . . . . . Launcher 24 | . 1 . . 2 2 . 1 . . . 2 . . . 11 1 . . . . 1 . 1 2 . . . . . . . . . Special Weapon . | . . . . . . . . . . . . . . . . . . . . . . . . . . . . . . . . . . Impact Weapon 3 | . . . . . . . . . . . . . 1 1 1 . . . . . . . . . . . . . . . . . . Slashing Weapon 1 | . . . . . . . . . 1 . . . . . . . . . . . . . . . . . . . . . . . . Piercing Weapon . | . . . . . . . . . . . . . . . . . . . . . . . . . . . . . . . . . . Special Melee Weapon 1 | . . . . . . . . . . . . . . . . . . . . 1 . . . . . . . . . . . . . Unidentified Prototypes 22 | . . . . . 1 2 . . . . . . 1 . 7 . . . . . . . . . 1 . . . . 1 7 1 1 Corrupted Parts 2 | . . . . . . . . . . . . . . . . . . . . 2 . . . . . . . . . . . . . System Corruption 12 | . . . . . . . . . . . . . . . . . . . . 12 . . . . . . . . . . . . . Parts Lost 56 | . 1 1 . . 2 2 . . 2 1 2 . 2 . 11 2 . . . . 2 2 . . . . . . 6 2 1 3 14 Power 10 | . . . . . . . . . . . . . 1 . 2 . . . . . 1 . . . . . . . . 1 . 1 4 Propulsion 10 | . 1 1 . . 1 1 . . . . 1 . . . 2 1 . . . . . . . . . . . . . 1 . . 1 Utility 26 | . . . . . 1 1 . . 1 . 1 . 1 . 4 1 . . . . 1 1 . . . . . . 4 . 1 1 8 Weapon 10 | . . . . . . . . . 1 1 . . . . 3 . . . . . . 1 . . . . . . 2 . . 1 1 Highest Loss Streak 6 | . 1 1 . . 2 1 . . 1 1 2 . 2 . 6 1 . . . . 1 1 . . . . . . 2 1 1 2 4 To Critical Strikes . | . . . . . . . . . . . . . . . . . . . . . . . . . . . . . . . . . . Average Slot Usage (%) 89 | . 98 99 100 100 93 99 100 100 98 100 99 100 97 90 86 85 87 88 88 85 83 84 85 84 73 85 84 86 86 84 84 76 74 Engine 3 | . 14 14 14 14 9 15 15 15 9 . . . 3 6 3 . . . . . . . . . . . . . . . . . . Reactor 7 | . . . . . . . . . 5 15 13 13 9 6 7 12 11 11 11 11 10 10 10 10 10 10 9 9 7 6 7 7 11 Treads 10 | . 23 13 14 14 18 18 23 23 23 20 18 20 19 18 13 5 5 5 5 6 7 4 5 5 5 5 4 4 3 2 2 2 2 Leg 5 | . . . . . . . . . . . . . . . 4 11 11 11 11 8 4 10 10 9 10 10 9 9 7 7 10 11 8 Wheel 1 | . 4 14 14 14 8 3 . . . 2 1 . . . . . . . . . . . . . . . . . . . . . . Device 14 | . . . . . 7 7 14 15 9 7 18 17 18 25 13 15 9 10 11 14 12 11 14 15 17 20 20 17 25 27 24 22 14 Storage 9 | . 14 14 14 14 9 7 7 7 7 7 6 6 6 6 8 12 11 11 11 11 11 10 10 10 10 10 9 9 8 8 8 7 21 Processor 6 | . . . . . 1 15 7 7 12 15 16 20 16 12 8 . 5 5 5 1 3 8 10 10 10 10 9 4 4 4 4 3 . Hackware 2 | . . . . . . . . . . . . . . . . . 7 5 5 5 5 5 5 5 2 . 1 9 8 8 7 3 1 Protection 7 | . 12 14 14 14 12 6 7 7 7 7 4 2 3 . 6 7 10 11 11 10 11 9 5 5 5 5 8 9 6 5 6 3 4 Energy Cannon 7 | . . . . . . 5 . . . . 1 . . . 7 16 16 16 16 14 15 14 12 14 3 15 13 13 11 11 9 7 4 Ballistic Gun 8 | . 28 22 28 27 26 16 23 22 19 22 18 20 18 13 6 1 . . . . . . . . . . . . . . 1 1 . Naked Turns . | . . . . . . . . . . . . . . . . . . . . . . . . . . . . . . . . . . Heaviest Build 253 | 13 33 35 55 56 72 129 125 129 131 137 141 131 131 126 178 190 196 196 187 199 199 201 203 202 207 207 214 205 209 202 225 220 253 Greatest Support 120 | 40 40 10 10 10 10 68 68 68 68 60 68 68 68 68 68 60 60 60 60 110 110 80 60 60 60 60 80 60 80 60 90 120 120 Greatest Overweight (x) 61 | . 3 3 5 5 7 12 1 1 2 13 14 1 1 1 2 3 3 3 3 61 3 3 3 6 3 3 3 3 3 3 3 2 4 Average Overweight (x) 2 | . 1 3 3 5 5 4 1 1 1 6 3 1 1 1 1 2 3 3 3 7 1 2 3 3 2 3 2 3 2 3 2 1 2 Largest Inventory Capacity 27 | 8 15 15 20 20 20 25 25 25 25 25 25 25 25 25 25 25 25 25 25 25 25 25 25 25 25 25 25 25 25 25 27 27 27 Average Capacity 24 | 8 12 15 17 20 20 23 25 25 25 25 25 25 25 25 24 25 25 25 25 25 25 25 25 25 25 25 25 25 25 25 25 27 27 Most Carried 27 | 6 15 15 17 19 20 25 25 25 25 25 25 25 25 25 25 25 25 25 25 25 25 25 25 24 25 25 25 25 25 24 27 27 27 Average Carried 23 | 4 10 14 15 16 19 23 24 24 23 24 24 24 24 24 23 24 24 24 24 24 24 24 23 23 24 25 24 24 22 22 24 25 21 Final Capacity 27 | 8 15 15 20 20 20 25 25 25 25 25 25 25 25 25 25 25 25 25 25 25 25 25 25 25 25 25 25 25 25 25 27 27 27 Final Carried 27 | 2 15 15 15 19 20 25 25 25 25 24 23 25 24 24 25 25 25 25 25 25 24 25 24 24 25 25 25 25 21 23 27 25 16 Class Distribution -------------------- 18% | Hacker-Golem 14% | Golem 13% | Mutant 10% | Scavenger-Golem 5% | Tank 5% | Skirmisher 5% | Gunner 4% | Scavenger-Skirmisher 3% | Scavenger-Mutant 3% | Generator-Golem 3% | Scavenger-Tank Dominant Class ---------------- Mutant | -10/Materials Mutant | -10/Mines Mutant | -10/Exiles Mutant | -9/Mines Scavenger-Tank | -8/Materials Skirmisher | -7/Factory Tank | -7/Lower Caves Mutant | -7/Lower Caves Gunner | -7/Data Miner Gunner | -6/Proximity Caves Tank | -6/Factory Scavenger-Skirmisher | -6/Lower Caves Scavenger-Gunner | -6/Lower Caves Skirmisher | -6/Zion Golem | -6/Deep Caves Golem | -5/Proximity Caves Hacker-Golem | -5/Factory Commander-Golem | -5/Extension Golem | -5/Cetus Golem | -5/Archives Scavenger-Golem | -5/Hub_04(d) Scavenger-Golem | -4/Factory Scavenger-Golem | -4/Upper Caves Scavenger-Golem | -4/Upper Caves Golem | -4/Zhirov Golem | -3/Proximity Caves Golem | -3/Research Hacker-Golem | -3/Quarantine Hacker-Golem | -2/Research Hacker-Golem | -2/Testing Hacker-Golem | -2/Section 7 Generator-Golem | -1/Access Generator-Golem | -1/Command Resources | -11 -10 -10 -10 -9 -8 -7 -7 -7 -7 -6 -6 -6 -6 -6 -6 -5 -5 -5 -5 -5 -5 -4 -4 -4 -4 -3 -3 -3 -2 -2 -2 -1 -1 ----------- Run | Jun Mat Min Exi Min Mat Fac Low Low Dat Pro Fac Low Low Zio Dee Pro Fac Ext Cet Arc Hub Fac Upp Upp Zhi Pro Res Qua Res Tes Sec Acc Com Matter Collected 12996 | 200 501 . 275 303 1057 1241 308 343 440 298 446 451 304 95 1542 115 84 137 50 138 264 280 51 261 . 145 106 242 176 110 1856 242 935 Remotely 418 | . . . . . 286 . . . . . 132 . . . . . . . . . . . . . . . . . . . . . . Salvage Created 33355 | . 498 7 . 238 1608 2419 130 359 440 409 735 177 293 . 1865 805 764 524 493 577 2092 1869 50 515 . 145 794 1778 3256 1393 5010 1626 2486 Parts 1511 | . 31 4 . 7 88 116 4 8 29 28 36 8 21 . 23 35 33 24 28 30 81 87 5 14 . 6 60 74 141 63 250 68 109 Haulers Intercepted 17 | . 2 . . . 2 7 . . . . 1 . . . . . 1 . . . . . . . . . . . . . 3 1 . Recyclers Shooed 13 | . 6 . . 1 . 3 . . . . 2 . . . . . . 1 . . . . . . . . . . . . . . . Parts Field Recycled . | . . . . . . . . . . . . . . . . . . . . . . . . . . . . . . . . . . Retrieved Matter . | . . . . . . . . . . . . . . . . . . . . . . . . . . . . . . . . . . Parts Self-Destructed 127 | . . . . . . . 2 10 . 21 . 7 21 . . 42 . . . . . . 4 14 . 6 . . . . . . . Prevented . | . . . . . . . . . . . . . . . . . . . . . . . . . . . . . . . . . . Kills | -11 -10 -10 -10 -9 -8 -7 -7 -7 -7 -6 -6 -6 -6 -6 -6 -5 -5 -5 -5 -5 -5 -4 -4 -4 -4 -3 -3 -3 -2 -2 -2 -1 -1 ------- Run | Jun Mat Min Exi Min Mat Fac Low Low Dat Pro Fac Low Low Zio Dee Pro Fac Ext Cet Arc Hub Fac Upp Upp Zhi Pro Res Qua Res Tes Sec Acc Com Combat Hostiles Destroyed 482 | . 8 3 . 10 22 29 3 1 4 3 8 2 8 . 65 13 6 7 7 3 30 26 5 11 . 2 11 26 36 15 60 19 39 Guns 106 | . 7 . . 6 20 17 2 1 4 3 5 2 8 . 5 . . . . . . . . . . . . . . . 20 3 3 Cannons 279 | . . . . . . 12 . . . . . . . . . 11 6 7 5 3 24 26 1 5 . 2 11 26 36 15 39 16 34 AOE 79 | . 1 3 . 4 2 . 1 . . . 3 . . . 47 2 . . . . 5 . 4 6 . . . . . . 1 . . Classes Destroyed 24 | . 5 1 . 3 3 1 1 1 . . . . 1 . 3 . 1 1 . 1 1 . . . . . . . . . . . 1 Worker 14 | . . . . 2 2 2 . . . . . . . . . . . . . . 4 1 . . . . . . 1 . . 1 1 Builder 16 | . 1 . . . 1 2 . . . . . . . . . . . . . . 1 . . . . . . . 4 1 6 . . Tunneler 2 | . . . . 1 . 1 . . . . . . . . . . . . . . . . . . . . . . . . . . . Hauler 17 | . 2 . . . 2 7 . . . . 1 . . . . . 1 . . . . . . . . . . . . . 3 1 . Recycler 25 | . 1 . . . 4 5 . . . . 1 . . . . . 2 . . . 1 3 . . . . . . 3 1 2 . 2 Minesweeper 2 | . . . . . . . . 1 . . . 1 . . . . . . . . . . . . . . . . . . . . . Operator 17 | . . . . . . . . . . . . . . . . . . . . 8 . 1 . . . . 1 . . 2 4 . 1 Watcher 30 | . 2 . . . 3 1 . . . . 1 . . . . . . . 1 . 3 2 . . . . 2 3 3 1 4 1 3 Swarmer 57 | . . 3 . 1 . . 1 . . . . . 7 . . . . . . . . 10 5 3 . . 3 4 4 . 10 2 4 Saboteur 1 | . . . . . . . . . . . . . . . . . . . . . . . . . . . . . . . . . 1 Grunt 141 | . 8 . . 3 15 16 1 . . . 3 2 . . . 6 . 3 2 . 15 4 . 6 . . . 4 11 8 9 9 16 Brawler 7 | . . . . . . . . . . . . . . . . . . 1 . . 1 . . 2 . . . . . . . 1 2 Duelist 8 | . . . . . 1 . . . . . . . . . . 1 . . . . . . . . . . . 1 1 . 2 . 2 Protector 6 | . . . . . . . . . . . . . . . . . . . . . 3 1 . . . . . . . . 1 1 . Sentry 34 | . . . . . 5 4 1 1 . . 2 . . . . 2 1 2 . 3 1 1 . . . . 3 . 2 . 5 . 1 Specialist 2 | . . . . . . . . . . . . . . . . . 2 . . . . . . . . . . . . . . . . Hunter 33 | . . . . . 1 4 . . . 2 2 . . . . 3 . . . . 2 . . . . 2 2 2 4 . . 4 5 Programmer 85 | . . . . . . 5 . . . 1 1 . . . . . 3 . 2 . 2 6 . . . . 3 11 11 7 23 2 8 Behemoth 3 | . . . . . . . . . . . . . 1 . . 1 . 1 . . . . . . . . . . . . . . . Cetus Guard 3 | . . . . . . . . . . . . . . . . . . . 3 . . . . . . . . . . . . . . S7 Guard 2 | . . . . . . . . . . . . . . . . . . . . . . . . . . . . . . . 2 . . Enhanced Grunt 4 | . . . . . . . . . 4 . . . . . . . . . . . . . . . . . . . . . . . . Lightning 6 | . . . . . . . . . . . . . . . . . . . . . 6 . . . . . . . . . . . . Tracker 10 | . . . . . . . . . . . . . . . . . . . . . . 2 . . . . . 2 2 . 4 . . Combat Programmer 9 | . . . . . . . . . . . . . . . . . . . . . . 2 . . . . . 2 1 . 4 . . Z-Light 7 | . . . . . . . . . . . . . . . 7 . . . . . . . . . . . . . . . . . . Packrat 3 | . . . . . . . . 3 . . . . . . . . . . . . . . . . . . . . . . . . . Samaritan 1 | . . . . . . . 1 . . . . . . . . . . . . . . . . . . . . . . . . . . Assembler 2 | . . . . . . . . . . . . . . . 2 . . . . . . . . . . . . . . . . . . Assembled 51 | . . . . 6 . . . . . . . . . . 45 . . . . . . . . . . . . . . . . . . Golem 13 | . . . . . . . . . . . . . . . 13 . . . . . . . . . . . . . . . . . . Best Kill Streak 48 | . 3 3 . 3 6 5 3 1 1 2 2 1 3 . 48 4 3 3 3 5 8 8 5 7 . 2 3 5 10 9 10 8 10 Combat Bots Only 46 | . 2 3 . 3 4 5 3 1 1 2 2 1 3 . 46 4 2 3 3 2 8 8 5 7 . 2 3 4 8 6 9 7 10 Max Kills in Single Turn 22 | . 1 2 . 2 4 2 1 1 1 1 2 1 1 . 22 1 1 1 1 1 4 1 3 3 . 1 1 2 2 1 2 2 1 Gunslinging . | . . . . . . . . . . . . . . . . . . . . . . . . . . . . . . . . . . Exploded 22 | . 1 2 . 2 1 . 1 . . . 2 . . . 22 1 . . . . 2 . 3 3 . . . . . . 1 . . Melee . | . . . . . . . . . . . . . . . . . . . . . . . . . . . . . . . . . . Uniques/NPCs Destroyed 1 | . . . . . . . . . . . . . . . 1 . . . . . . . . . . . . . . . . . . Z-Imprinter (-6/Deep Caves) Combat | -11 -10 -10 -10 -9 -8 -7 -7 -7 -7 -6 -6 -6 -6 -6 -6 -5 -5 -5 -5 -5 -5 -4 -4 -4 -4 -3 -3 -3 -2 -2 -2 -1 -1 -------- Run | Jun Mat Min Exi Min Mat Fac Low Low Dat Pro Fac Low Low Zio Dee Pro Fac Ext Cet Arc Hub Fac Upp Upp Zhi Pro Res Qua Res Tes Sec Acc Com Damage Taken 31203 | . 451 52 . 420 866 1065 98 222 1134 427 669 57 437 . 2511 1204 296 202 285 219 1899 1499 105 272 . 96 302 788 1949 1773 3087 1775 7043 Core 3502 | . 57 . . 31 101 157 30 . 43 . 78 . 29 . 176 110 . 53 16 30 106 32 . 11 . . 28 46 113 122 612 123 1398 Absorbed by Shields 6153 | . . . . . . 190 56 44 . . 120 . 24 . 298 . . 71 67 80 264 295 95 211 . 76 190 29 279 . 2145 . 1619 Reduced by Siege Mode 302 | . . . . . . . . . . . . . . . . . . . . . 63 71 . . . 5 2 . 40 7 . . 114 Regen/Repaired (Parts) 3090 | . . . . . . . . . . . . . . . . . 192 . . . . 530 . . . . . . . . 1617 421 330 Core Remaining (%) 76 | 100 . . . 64 81 . . . . 67 . . . . . 53 . . . . 79 . . . . 96 . 94 . . 50 . . Volleys Fired 1571 | . 59 3 5 38 73 114 7 43 44 20 40 9 20 . 91 37 27 19 25 35 72 79 5 13 . 12 44 83 116 46 246 45 101 Largest 3 | . 2 1 1 2 3 3 3 3 3 3 3 3 3 . 3 3 3 3 3 2 3 3 2 2 . 3 3 3 3 3 3 3 3 Hottest 900 | . 40 30 23 43 71 203 75 75 90 90 90 80 80 . 207 89 75 75 119 50 140 75 50 50 . 75 75 75 75 75 75 80 900 Shots Fired 3240 | . 118 3 5 71 217 315 15 69 101 44 96 27 60 . 160 80 51 51 32 70 181 143 7 19 . 20 94 179 231 119 402 98 162 Gun 1137 | . 118 . 5 66 213 211 12 39 86 36 82 27 60 . 37 . . . . . . . . . . . . . . . 106 21 18 Cannon 2024 | . . . . . . 104 . 30 15 8 7 . . . 82 77 51 51 32 70 175 143 5 14 . 20 94 179 231 119 296 77 144 Launcher 79 | . . 3 . 5 4 . 3 . . . 7 . . . 41 3 . . . . 6 . 2 5 . . . . . . . . . Special . | . . . . . . . . . . . . . . . . . . . . . . . . . . . . . . . . . . Kinetic 1137 | . 118 . 5 66 213 211 12 39 86 36 82 27 60 . 37 . . . . . . . . . . . . . . . 106 21 18 Thermal 1924 | . . . . . . 104 . 30 15 8 7 . . . 2 77 51 51 12 70 175 143 5 14 . 20 94 179 231 119 296 77 144 Explosive 79 | . . 3 . 5 4 . 3 . . . 7 . . . 41 3 . . . . 6 . 2 5 . . . . . . . . . Electromagnetic 100 | . . . . . . . . . . . . . . . 80 . . . 20 . . . . . . . . . . . . . . Robot Hit Streak 52 | . 8 7 . 13 14 12 6 9 14 14 15 19 19 . 20 30 10 21 10 15 52 31 . 8 . 9 33 16 19 30 32 17 24 Robot Miss Streak 6 | . 6 . . 5 5 4 1 2 1 2 2 1 4 . 6 1 2 2 3 2 2 1 2 1 . 1 1 2 3 3 3 2 4 Penetration Max 7 | . . . . . . . . . . . . . . . . . . . . . . . . . . . . . . . . . 7 Secondary Targets 8 | . . . . 1 2 3 . . . 1 . . 1 . . . . . . . . . . . . . . . . . . . . Max Gunslinging Chain 1 | . . . . 1 1 1 . . . 1 . . 1 . . . . . . . . . . . . . . . . . . . . Shots Hit Robots 2029 | . 72 1 . 36 120 193 11 28 71 30 60 19 40 . 115 59 23 33 23 55 127 103 . 14 . 9 54 86 131 59 277 78 102 Core Hits 1143 | . 32 3 . 22 68 82 11 12 30 17 27 6 15 . 169 26 11 13 15 17 75 45 5 19 . 4 21 43 70 28 155 43 59 Critical Kills 8 | . 1 . . . 3 2 . . . . . . . . . . . . . . . . . . . . . . . . 1 . 1 Critical Parts Destroyed 4 | . 1 . . . . 2 1 . . . . . . . . . . . . . . . . . . . . . . . . . . Critical Strikes 14 | . 2 . . . 3 4 1 . 1 . . . . . 1 . . . . . . . . . . . . . . . 1 . 1 Meltdown 1 | . . . . . . . . . . . . . . . . . . . . . . . . . . . . . . . . . 1 Destroy 12 | . 2 . . . 3 4 1 . 1 . . . . . . . . . . . . . . . . . . . . . 1 . . Corrupt 1 | . . . . . . . . . . . . . . . 1 . . . . . . . . . . . . . . . . . . Melee Attacks 35 | . . . . . . . . . 21 . . . 1 10 1 . . . . 2 . . . . . . . . . . . . . Impact 12 | . . . . . . . . . . . . . 1 10 1 . . . . . . . . . . . . . . . . . . Slashing 21 | . . . . . . . . . 21 . . . . . . . . . . . . . . . . . . . . . . . . Piercing . | . . . . . . . . . . . . . . . . . . . . . . . . . . . . . . . . . . Sneak Attacks 1 | . . . . . . . . . 1 . . . . . . . . . . . . . . . . . . . . . . . . Combat Hostiles . | . . . . . . . . . . . . . . . . . . . . . . . . . . . . . . . . . . Follow-up Attacks . | . . . . . . . . . . . . . . . . . . . . . . . . . . . . . . . . . . Damage Inflicted 90921 | . 893 200 . 784 2208 4015 416 482 1292 904 1683 397 826 . 7132 3538 1185 1699 974 2509 8559 5151 601 1447 . 650 2648 4743 7662 3174 14006 3679 7464 Guns 15618 | . 753 . . 481 1887 2154 178 482 1199 405 1144 397 826 . 393 . . . . . . . . . . . . . . . 4367 729 223 Cannons 63537 | . . . . . . 1853 . . . 289 30 . . . 1738 3109 1185 1694 974 2509 6259 5131 99 581 . 650 2648 4743 7662 3174 9121 2950 7138 Explosions 11481 | . 140 200 . 303 321 . 238 . . 210 478 . . . 5001 429 . . . . 2300 . 502 866 . . . . . . 493 . . Melee 93 | . . . . . . . . . 93 . . . . . . . . . . . . . . . . . . . . . . . . Ramming 192 | . . . . . . 8 . . . . 31 . . . . . . 5 . . . 20 . . . . . . . . 25 . 103 Kinetic 15618 | . 753 . . 481 1887 2154 178 482 1199 405 1144 397 826 . 393 . . . . . . . . . . . . . . . 4367 729 223 Thermal 61854 | . . . . . . 1853 . . . 499 30 . . . 143 3109 1185 1694 505 2509 6430 5131 99 581 . 650 2648 4743 7662 3174 9121 2950 7138 Explosive 10160 | . 140 200 . 303 321 . 238 . . . 478 . . . 4858 429 . . . . 1332 . 502 866 . . . . . . 493 . . Electromagnetic 3004 | . . . . . . . . . . . . . . . 1738 . . . 469 . 797 . . . . . . . . . . . . Impact . | . . . . . . . . . . . . . . . . . . . . . . . . . . . . . . . . . . Slashing 93 | . . . . . . . . . 93 . . . . . . . . . . . . . . . . . . . . . . . . Piercing . | . . . . . . . . . . . . . . . . . . . . . . . . . . . . . . . . . . Highest Corruption 34 | . . . . . . 2 . . . 1 1 1 1 1 . . 2 2 2 8 7 4 4 4 4 4 2 5 11 14 34 . 11 Average Corruption 6 | . . . . . . 1 . . . 1 1 1 1 1 . . 1 2 2 3 6 2 4 4 4 4 1 2 6 13 20 . 7 Corruption Purged 19 | . . . . . . 5 . . . . . . . . . . . . . 14 . . . . . . . . . . . . . Corruption Blocked . | . . . . . . . . . . . . . . . . . . . . . . . . . . . . . . . . . . Effects 564 | . . . . . . 9 . . . 1 4 5 6 . . . 11 20 8 6 34 17 25 18 14 11 6 36 35 80 140 . 78 Message Errors 126 | . . . . . . 1 . . . 1 . 2 1 . . . 3 4 2 3 10 3 6 5 5 3 1 9 8 16 28 . 15 Matter Fused 144 | . . . . . . 2 . . . . . 1 4 . . . 4 6 . 2 10 5 6 7 2 3 1 9 8 20 38 . 16 Heat Flow Errors 61 | . . . . . . 1 . . . . 1 . . . . . 1 1 1 . 7 . 2 2 1 3 1 1 2 11 13 . 13 Energy Discharges 74 | . . . . . . 1 . . . . 1 2 . . . . 2 2 1 . 2 3 5 2 2 1 . 5 5 13 13 . 14 Parts Rejected 5 | . . . . . . . . . . . . . . . . . . . . . 1 . . . . . . . . 1 1 . 2 Parts Fused 6 | . . . . . . . . . . . . . . . . . . 1 . . . . . . . . . 3 1 . 1 . . Data Loss (minor) 75 | . . . . . . 2 . . . . 1 . . . . . 1 4 3 . 1 3 3 1 3 . . 6 3 10 22 . 12 Data Loss (major) 19 | . . . . . . . . . . . . . 1 . . . . . 1 1 1 2 . 1 1 1 . . 1 1 5 . 3 Misfires 24 | . . . . . . 1 . . . . . . . . . . . 2 . . 1 . 1 . . . 2 2 2 4 8 . 1 Alerts 15 | . . . . . . 1 . . . . 1 . . . . . . . . . . . 2 . . . . . . 2 7 . 2 Misdirections 1 | . . . . . . . . . . . . . . . . . . . . . . . . . . . . . 1 . . . . Weapon Failures 14 | . . . . . . . . . . . . . . . . . . . . . 1 1 . . . . 1 1 4 2 4 . . Overload Shots 3 | . . . . . . 3 . . . . . . . . . . . . . . . . . . . . . . . . . . . Overflow Damage 4091 | . . 3 . . . 2 . . . 119 1 . . . 294 100 67 14 74 274 325 307 27 71 . 21 167 180 462 128 674 90 691 Projectiles 3592 | . . . . . . 2 . . . 77 . . . . . 100 67 14 74 274 266 307 16 22 . 21 167 180 462 128 634 90 691 Explosions 498 | . . 3 . . . . . . . 42 . . . . 294 . . . . . 59 . 11 49 . . . . . . 40 . . Melee 1 | . . . . . . . . . . . 1 . . . . . . . . . . . . . . . . . . . . . . Knockbacks 3 | . . . . . . 1 . . . . . . . . . . . . . . . 1 . . . . . . . . 1 . . Impact 3 | . . . . . . 1 . . . . . . . . . . . . . . . 1 . . . . . . . . 1 . . Kinetic . | . . . . . . . . . . . . . . . . . . . . . . . . . . . . . . . . . . Secondary . | . . . . . . . . . . . . . . . . . . . . . . . . . . . . . . . . . . Self-Inflicted Damage 1043 | . 89 29 . . . . . . . 37 26 . . . 437 48 . . . . 191 . . 97 . . . . . . 89 . . Shots 28 | . 1 1 . . . . . . . 1 1 . . . 14 3 . . . . 4 . . 2 . . . . . . 1 . . Rammed 4 | . . . . . . 1 . . . . 1 . . . . . . . . . . . . . . . . . . . . . 2 Targets Rammed 20 | . . . . . . 1 . . . . 1 . . . . . . 1 . . . 2 . . . . . . . . 1 . 14 Kicked 16 | . . . . . . . . . . . . . . . . . . 1 . . . 2 . . . . . . . . 1 . 12 Crushed . | . . . . . . . . . . . . . . . . . . . . . . . . . . . . . . . . . . Highest Temperature 297 | . 34 . . 18 22 297 100 205 249 56 117 8 . . 295 201 125 174 234 198 279 63 258 230 128 258 140 205 219 195 209 18 199 Average Temperature 70 | . 10 . . 11 6 78 41 83 74 22 14 7 . . 101 48 36 61 91 55 105 19 112 81 68 77 39 47 86 74 58 7 104 Received Heat Transfer 4221 | . 204 . . 67 369 345 42 46 . . 116 27 22 . 586 264 18 50 41 24 512 272 . 57 . . 12 12 153 180 87 180 535 Effects 6 | . . . . . . . . . . . . . . . 5 . . . . . 1 . . . . . . . . . . . . Energy Bleed 1 | . . . . . . . . . . . . . . . . . . . . . 1 . . . . . . . . . . . . Interference 5 | . . . . . . . . . . . . . . . 5 . . . . . . . . . . . . . . . . . . Siege Activations 21 | . . . . . . . . . . . . . . . . . . . . . 3 3 . . . 1 1 3 3 1 . . 6 Total Turns 577 | . . . . . . . . . . . . . . . . . . . . . 136 116 . . . 16 13 46 53 21 . . 176 Longest Duration 70 | . . . . . . . . . . . . . . . . . . . . . 59 70 . . . 16 13 29 23 21 . . 57 Robots Corrupted 15 | . . . . . . . . . . . . . . . 13 . . . 2 . . . . . . . . . . . . . . Combat Hostiles 14 | . . . . . . . . . . . . . . . 13 . . . 1 . . . . . . . . . . . . . . Parts Fried 8 | . . . . . . . . . . . . . . . . . . . 3 . 5 . . . . . . . . . . . . Impact Corruptions 1 | . . . . . . . . . . . 1 . . . . . . . . . . . . . . . . . . . . . . Robots Melted 2 | . . . . . . . . . . . . . . . . . . . . . 1 . . . . . . . . . . . 1 Combat Hostiles 2 | . . . . . . . . . . . . . . . . . . . . . 1 . . . . . . . . . . . 1 Parts Melted 40 | . . . . . . 2 . . . . . . . . . . . 3 . . 2 3 . 1 . . 1 4 4 5 7 1 7 Heat Transferred 30940 | . . . . . . 2431 . . . 100 37 . . . 100 1425 600 875 225 1275 2689 2549 50 275 . 275 1275 2225 3625 1500 4473 1525 3411 Parts Sabotaged 3 | . . . . . . . . . . . . . . . . . . . . . . . . . . . . . . . 1 . 2 Parts Stolen . | . . . . . . . . . . . . . . . . . . . . . . . . . . . . . . . . . . Parts Stripped . | . . . . . . . . . . . . . . . . . . . . . . . . . . . . . . . . . . Power Chain Reactions 4 | . . . . . . . . . . 1 . . . . 2 . . . . . 1 . . . . . . . . . . . . Missiles Intercepted . | . . . . . . . . . . . . . . . . . . . . . . . . . . . . . . . . . . Alert | -11 -10 -10 -10 -9 -8 -7 -7 -7 -7 -6 -6 -6 -6 -6 -6 -5 -5 -5 -5 -5 -5 -4 -4 -4 -4 -3 -3 -3 -2 -2 -2 -1 -1 ------- Run | Jun Mat Min Exi Min Mat Fac Low Low Dat Pro Fac Low Low Zio Dee Pro Fac Ext Cet Arc Hub Fac Upp Upp Zhi Pro Res Qua Res Tes Sec Acc Com Peak Influence 3626 | . 215 103 . 125 521 456 . . . . 180 . . . . . 159 553 701 377 1231 707 . . . . 244 412 895 695 1341 1044 3626 Initial 798 | . . . . . 46 81 . . . . 18 . . . . . 66 2 235 200 . 381 . . . . . 111 78 456 . 798 668 Average 454 | . 76 88 . 22 201 172 . . . . 86 . . . . . 80 173 495 132 730 472 . . . . 117 132 437 266 520 862 1908 Maximum Alert Level 5 | . 1 . . . 2 2 . . . . . . . . . . . 2 3 1 4 3 . . . . 1 2 3 2 4 3 5 Low Security (%) 50 | 100 91 100 . 100 58 63 . . . . 100 . . . . . 100 64 . 75 16 . . . . . 84 83 37 55 22 . . Level 1 15 | . 8 . . . 31 31 . . . . . . . . . . . 11 26 24 . 27 . . . . 15 14 13 . 38 . . Level 2 12 | . . . . . 9 4 . . . . . . . . . . . 23 65 . 2 72 . . . . . 1 17 44 6 . 7 Level 3 13 | . . . . . . . . . . . . . . . . . . . 8 . 73 . . . . . . . 31 . 19 100 26 Level 4 2 | . . . . . . . . . . . . . . . . . . . . . 6 . . . . . . . . . 12 . 4 Level 5 1 | . . . . . . . . . . . . . . . . . . . . . . . . . . . . . . . . . 12 High Security 5 | . . . . . . . . . . . . . . . . . . . . . . . . . . . . . . . . . 48 Max Security . | . . . . . . . . . . . . . . . . . . . . . . . . . . . . . . . . . . Squads Dispatched 108 | . 1 . . . 4 13 . 1 . . 3 . . . . 1 2 1 . . 7 10 . . . . 5 9 11 4 20 8 8 Investigation 10 | . . . . . . 3 . . . . 1 . . . . . . . . . . . . . . . 3 1 1 . . 1 . Extermination 35 | . . . . . . 4 . . . . 1 . . . . . 1 . . . 1 3 . . . . 2 4 3 3 8 2 3 Reinforcement 21 | . 1 . . . 4 4 . . . . 1 . . . . . 1 1 . . . 2 . . . . . . 1 1 2 2 1 Assault 24 | . . . . . . . . 1 . . . . . . . 1 . . . . 6 2 . . . . . . 3 . 4 3 4 Garrison 2 | . . . . . . 2 . . . . . . . . . . . . . . . . . . . . . . . . . . . Intercept 16 | . . . . . . . . . . . . . . . . . . . . . . 3 . . . . . 4 3 . 6 . . Searches Triggered . | . . . . . . . . . . . . . . . . . . . . . . . . . . . . . . . . . . Construction Impeded 3 | . . . . . 1 1 . . . . . . . . . . . 1 . . . . . . . . . . . . . . . Haulers Reinforced 2 | . . . . . . 1 . . . . . . . . . . . . . . . . . . . . . . . . 1 . . Active Scanning Responses . | . . . . . . . . . . . . . . . . . . . . . . . . . . . . . . . . . . Cargo Convoy Interrupts . | . . . . . . . . . . . . . . . . . . . . . . . . . . . . . . . . . . Stealth | -11 -10 -10 -10 -9 -8 -7 -7 -7 -7 -6 -6 -6 -6 -6 -6 -5 -5 -5 -5 -5 -5 -4 -4 -4 -4 -3 -3 -3 -2 -2 -2 -1 -1 --------- Run | Jun Mat Min Exi Min Mat Fac Low Low Dat Pro Fac Low Low Zio Dee Pro Fac Ext Cet Arc Hub Fac Upp Upp Zhi Pro Res Qua Res Tes Sec Acc Com Distress Signals 16 | . 2 . . . 3 . . . . . . . . . . . . . 2 . . . . . . . . . . . 1 1 7 Communications Jammed 120 | . . . . . . . . . . . 6 . . . . . . . . . 7 1 . . . . 7 . 31 . 29 19 20 Distress Signals 119 | . . . . . . . . . . . 6 . . . . . . . . . 7 1 . . . . 6 . 31 . 29 19 20 Times Spotted 668 | . 17 3 1 14 33 36 3 3 4 3 11 2 7 . 67 17 6 19 17 14 46 34 4 10 . 2 17 23 46 20 84 31 74 Peak Tracking Total 37 | . 3 3 9 3 4 4 3 5 1 2 3 1 2 . 37 5 2 4 5 1 7 8 4 4 . 2 3 4 7 5 7 7 10 Tactical Retreats 30 | . . . . . . . . 2 . . 1 . . . . 2 . 1 . . 1 1 . 1 . . . . 3 1 1 3 13 Traps | -11 -10 -10 -10 -9 -8 -7 -7 -7 -7 -6 -6 -6 -6 -6 -6 -5 -5 -5 -5 -5 -5 -4 -4 -4 -4 -3 -3 -3 -2 -2 -2 -1 -1 ------- Run | Jun Mat Min Exi Min Mat Fac Low Low Dat Pro Fac Low Low Zio Dee Pro Fac Ext Cet Arc Hub Fac Upp Upp Zhi Pro Res Qua Res Tes Sec Acc Com Traps Triggered 28 | . . . . . 1 5 . . . . . . . . . . 1 4 . . 4 3 . . . . 1 2 2 2 1 . 2 Indirectly 1 | . . . . . . . . . . . . . . . . . . . . . 1 . . . . . . . . . . . . Trap Hack Attempts . | . . . . . . . . . . . . . . . . . . . . . . . . . . . . . . . . . . Triggered . | . . . . . . . . . . . . . . . . . . . . . . . . . . . . . . . . . . Disarmed . | . . . . . . . . . . . . . . . . . . . . . . . . . . . . . . . . . . Reprogrammed . | . . . . . . . . . . . . . . . . . . . . . . . . . . . . . . . . . . Reused . | . . . . . . . . . . . . . . . . . . . . . . . . . . . . . . . . . . Traps Extracted 1 | . . . . . . . . 1 . . . . . . . . . . . . . . . . . . . . . . . . . Installed . | . . . . . . . . . . . . . . . . . . . . . . . . . . . . . . . . . . Triggered 4 | . . . . . . . 1 1 . . . 1 . . . . . . . . . . . . . 1 . . . . . . . Most Traps Carried 6 | . . . . . . . . 2 2 2 2 6 6 6 6 6 6 6 . . . . . . . . . . . . . . . Machines | -11 -10 -10 -10 -9 -8 -7 -7 -7 -7 -6 -6 -6 -6 -6 -6 -5 -5 -5 -5 -5 -5 -4 -4 -4 -4 -3 -3 -3 -2 -2 -2 -1 -1 ---------- Run | Jun Mat Min Exi Min Mat Fac Low Low Dat Pro Fac Low Low Zio Dee Pro Fac Ext Cet Arc Hub Fac Upp Upp Zhi Pro Res Qua Res Tes Sec Acc Com Machines Disabled 83 | . 2 2 1 2 1 . . . . . . . . . 2 . . 4 4 2 11 1 . . . . 3 5 3 9 18 3 10 Max in Single Turn 9 | . 1 2 1 1 1 . . . . . . . . . 1 . . 1 1 1 9 1 . . . . 1 1 1 2 3 2 2 Garrison Access 6 | . . . . . . 1 . . . . . . . . . . . . . . 1 1 . . . . . 1 1 1 . . . Network Hub 2 | . . . . . . . . . . . . . . . . . . . . . 2 . . . . . . . . . . . . Machines Repaired . | . . . . . . . . . . . . . . . . . . . . . . . . . . . . . . . . . . Machines Sabotaged . | . . . . . . . . . . . . . . . . . . . . . . . . . . . . . . . . . . Overloaded Fab Kills . | . . . . . . . . . . . . . . . . . . . . . . . . . . . . . . . . . . Hacking | -11 -10 -10 -10 -9 -8 -7 -7 -7 -7 -6 -6 -6 -6 -6 -6 -5 -5 -5 -5 -5 -5 -4 -4 -4 -4 -3 -3 -3 -2 -2 -2 -1 -1 --------- Run | Jun Mat Min Exi Min Mat Fac Low Low Dat Pro Fac Low Low Zio Dee Pro Fac Ext Cet Arc Hub Fac Upp Upp Zhi Pro Res Qua Res Tes Sec Acc Com Machines Accessed 104 | . 4 . 2 . 6 14 . . 3 . 4 . . . . . 3 6 . . 5 6 . . 3 . 6 13 5 7 9 6 2 Terminals 75 | . 4 . . . 6 7 . . . . 4 . . . . . 2 6 . . 4 3 . . . . 4 10 3 6 8 6 2 Fabricators 6 | . . . . . . 3 . . . . . . . . . . . . . . . . . . . . 2 . 1 . . . . Repair Stations 5 | . . . . . . 2 . . . . . . . . . . 1 . . . . 2 . . . . . . . . . . . Recycling Units 1 | . . . . . . 1 . . . . . . . . . . . . . . . . . . . . . . . . . . . Scanalyzers 3 | . . . . . . . . . . . . . . . . . . . . . . . . . . . . 2 . . 1 . . Garrison Access 6 | . . . . . . 1 . . . . . . . . . . . . . . 1 1 . . . . . 1 1 1 . . . Total Hacks 400 | . 16 . 2 . 24 28 . . 26 . 8 . . . . . 9 22 . . 21 40 . . 12 . 18 60 28 28 31 20 7 Successful 191 | . 6 . 2 . 13 10 . . 26 . 1 . . . . . 7 5 . . 6 14 . . 12 . 9 33 13 12 15 5 2 Failed 209 | . 10 . . . 11 18 . . . . 7 . . . . . 2 17 . . 15 26 . . . . 9 27 15 16 16 15 5 Catastrophic 51 | . . . . . 2 2 . . . . 4 . . . . . 1 5 . . 5 8 . . . . 4 2 3 6 3 5 1 Database Lockouts . | . . . . . . . . . . . . . . . . . . . . . . . . . . . . . . . . . . Manual 119 | . 4 . 1 . 13 6 . . . . 1 . . . . . . 1 1 . 13 13 . . . . 11 15 8 14 8 4 6 Terminals 287 | . 16 . . . 24 12 . . . . 8 . . . . . 2 22 . . 19 30 . . . . 10 49 15 27 26 20 7 Fabricators 24 | . . . . . . 9 . . . . . . . . . . . . . . . . . . . . 8 . 7 . . . . Repair Stations 18 | . . . . . . 4 . . . . . . . . . . 7 . . . . 7 . . . . . . . . . . . Recycling Units 2 | . . . . . . 2 . . . . . . . . . . . . . . . . . . . . . . . . . . . Scanalyzers 15 | . . . . . . . . . . . . . . . . . . . . . . . . . . . . 10 . . 5 . . Garrison Access 14 | . . . . . . 1 . . . . . . . . . . . . . . 2 3 . . . . . 1 6 1 . . . Terminal Hacks 133 | . 6 . 2 . 13 3 . . 26 . 1 . . . . . 1 5 . . 5 7 . . 12 . 2 18 4 9 12 5 2 Record 11 | . . . 1 . . . . . 6 . . . . . . . . . . . . . . . 4 . . . . . . . . Part Schematic 19 | . 1 . . . 2 . . . 11 . . . . . . . . . . . . . . . 4 . . 1 . . . . . Robot Schematic 6 | . . . . . . . . . 6 . . . . . . . . . . . . . . . . . . . . . . . . Prototype ID Bank 14 | . 1 . . . 1 . . . 3 . . . . . . . . 1 . . . . . . 4 . . 3 . 1 . . . Open Door 6 | . . . . . . . . . . . . . . . . . . . . . . . . . . . 1 . . . 2 3 . Level Access Points 1 | . . . . . . . . . . . . . . . . . . . . . 1 . . . . . . . . . . . . Branch Access Points 6 | . . . . . . 1 . . . . 1 . . . . . 1 . . . . 1 . . . . . 1 1 . . . . Emergency Access Points 2 | . 1 . . . . . . . . . . . . . . . . . . . . . . . . . . 1 . . . . . Terminal Index 1 | . . . . . . . . . . . . . . . . . . . . . . 1 . . . . . . . . . . . Alert Level 12 | . . . . . 2 . . . . . . . . . . . . 1 . . 1 . . . . . . 2 . 2 2 1 1 Unreport Threat 20 | . . . . . 2 . . . . . . . . . . . . . . . 2 1 . . . . . 3 1 4 5 1 1 Locate Traps 11 | . 1 . . . 2 1 . . . . . . . . . . . 2 . . 1 1 . . . . 1 . 1 1 . . . Security Status 1 | . . . . . 1 . . . . . . . . . . . . . . . . . . . . . . . . . . . . Recall Investigation 1 | . . . . . . . . . . . . . . . . . . . . . . 1 . . . . . . . . . . . Recall Extermination 1 | . . . . . . . . . . . . . . . . . . . . . . . . . . . . 1 . . . . . Hauler Manifests 3 | . 1 . . . 1 . . . . . . . . . . . . . . . . . . . . . . . . . 1 . . Registered Prototypes 1 | . . . . . . . . . . . . . . . . . . . . . . . . . . . . 1 . . . . . Zone Layout 16 | . 1 . . . 2 1 . . . . . . . . . . . 1 . . . 2 . . . . . 5 1 1 2 . . EX-Prototype ID Bank 1 | . . . 1 . . . . . . . . . . . . . . . . . . . . . . . . . . . . . . Fabricator Hacks 11 | . . . . . . 2 . . . . . . . . . . . . . . . . . . . . 3 . 6 . . . . Network Status 1 | . . . . . . . . . . . . . . . . . . . . . . . . . . . 1 . . . . . . Load Schematic 7 | . . . . . . 2 . . . . . . . . . . . . . . . . . . . . 2 . 3 . . . . Build 3 | . . . . . . . . . . . . . . . . . . . . . . . . . . . . . 3 . . . . Repair Station Hacks 12 | . . . . . . 2 . . . . . . . . . . 6 . . . . 4 . . . . . . . . . . . Scan Component 8 | . . . . . . 2 . . . . . . . . . . 3 . . . . 3 . . . . . . . . . . . Repair 4 | . . . . . . . . . . . . . . . . . 3 . . . . 1 . . . . . . . . . . . Recycling Unit Hacks 1 | . . . . . . 1 . . . . . . . . . . . . . . . . . . . . . . . . . . . Retrieve Components 1 | . . . . . . 1 . . . . . . . . . . . . . . . . . . . . . . . . . . . Scanalyzer 11 | . . . . . . . . . . . . . . . . . . . . . . . . . . . . 9 . . 2 . . Insert Component 8 | . . . . . . . . . . . . . . . . . . . . . . . . . . . . 6 . . 2 . . Analyze 3 | . . . . . . . . . . . . . . . . . . . . . . . . . . . . 3 . . . . . Garrison Access Hacks 6 | . . . . . . 1 . . . . . . . . . . . . . . 1 1 . . . . . 1 1 1 . . . Unlock Access 1 | . . . . . . . . . . . . . . . . . . . . . 1 . . . . . . . . . . . . Seal Access 5 | . . . . . . 1 . . . . . . . . . . . . . . . 1 . . . . . 1 1 1 . . . Unauthorized Hacks 17 | . . . . . . 1 . . . . . . . . . . . . . . . 2 . . . . 4 5 2 2 1 . . Terminals 14 | . . . . . . . . . . . . . . . . . . . . . . 2 . . . . 2 5 2 2 1 . . Track 1 | . . . . . . . . . . . . . . . . . . . . . . . . . . . . 1 . . . . . Assimilate 2 | . . . . . . . . . . . . . . . . . . . . . . . . . . . . . 2 . . . . Botnet 7 | . . . . . . . . . . . . . . . . . . . . . . 1 . . . . 1 3 . 1 1 . . Operators 4 | . . . . . . . . . . . . . . . . . . . . . . 1 . . . . 1 1 . 1 . . . Fabricators 3 | . . . . . . 1 . . . . . . . . . . . . . . . . . . . . 2 . . . . . . Recompile 3 | . . . . . . 1 . . . . . . . . . . . . . . . . . . . . 2 . . . . . . Repair Stations . | . . . . . . . . . . . . . . . . . . . . . . . . . . . . . . . . . . Recycling Units . | . . . . . . . . . . . . . . . . . . . . . . . . . . . . . . . . . . Scanalyzers . | . . . . . . . . . . . . . . . . . . . . . . . . . . . . . . . . . . Garrison Access . | . . . . . . . . . . . . . . . . . . . . . . . . . . . . . . . . . . Data Cores Recovered 1 | . . . . . . . . . . . . . . . . . . . . . . 1 . . . . . . . . . . . Used . | . . . . . . . . . . . . . . . . . . . . . . . . . . . . . . . . . . Hacking Detections 81 | . 4 . . . 5 12 . . . . 4 . . . . . 3 6 . . 4 5 . . . . 5 11 5 6 6 4 1 Full Trace Events 6 | . . . . . 1 1 . . . . 1 . . . . . . . . . . . . . . . 1 . 1 . . 1 . Feedback Events 1 | . . . . . . 1 . . . . . . . . . . . . . . . . . . . . . . . . . . . Corruption 1 | . . . . . . 1 . . . . . . . . . . . . . . . . . . . . . . . . . . . Feedback Blocked . | . . . . . . . . . . . . . . . . . . . . . . . . . . . . . . . . . . Robot Schematics Acquired 6 | . . . . . . . . . 6 . . . . . . . . . . . . . . . . . . . . . . . . Robots Built . | . . . . . . . . . . . . . . . . . . . . . . . . . . . . . . . . . . Authchips . | . . . . . . . . . . . . . . . . . . . . . . . . . . . . . . . . . . Time . | . . . . . . . . . . . . . . . . . . . . . . . . . . . . . . . . . . Total Robot Build Rating . | . . . . . . . . . . . . . . . . . . . . . . . . . . . . . . . . . . Part Schematics Acquired 20 | . 1 . . . 2 . . . 11 . . . . . . . . . . . . . . . 4 . . 2 . . . . . Parts Built 6 | . . . . . . . . . . . . . . . . . . . . . . . . . . . . . 6 . . . . Authchips 3 | . . . . . . . . . . . . . . . . . . . . . . . . . . . . . 3 . . . . Time 117 | . . . . . . . . . . . . . . . . . . . . . . . . . . . . . 117 . . . . Total Part Build Rating 42 | . . . . . . . . . . . . . . . . . . . . . . . . . . . . . 42 . . . . Parts Repaired 4 | . . . . . . . . . . . . . . . . . 3 . . . . 1 . . . . . . . . . . . Time 311 | . . . . . . . . . . . . . . . . . 175 . . . . 136 . . . . . . . . . . . Parts Recycled . | . . . . . . . . . . . . . . . . . . . . . . . . . . . . . . . . . . Recycled Matter . | . . . . . . . . . . . . . . . . . . . . . . . . . . . . . . . . . . Retrieved Matter . | . . . . . . . . . . . . . . . . . . . . . . . . . . . . . . . . . . Retrieved Components 1 | . . . . . . 1 . . . . . . . . . . . . . . . . . . . . . . . . . . . Parts Scanalyzed 1 | . . . . . . . . . . . . . . . . . . . . . . . . . . . . 1 . . . . . Part Schematics Acquired 1 | . . . . . . . . . . . . . . . . . . . . . . . . . . . . 1 . . . . . Parts Damaged . | . . . . . . . . . . . . . . . . . . . . . . . . . . . . . . . . . . Bothacking | -11 -10 -10 -10 -9 -8 -7 -7 -7 -7 -6 -6 -6 -6 -6 -6 -5 -5 -5 -5 -5 -5 -4 -4 -4 -4 -3 -3 -3 -2 -2 -2 -1 -1 ------------ Run | Jun Mat Min Exi Min Mat Fac Low Low Dat Pro Fac Low Low Zio Dee Pro Fac Ext Cet Arc Hub Fac Upp Upp Zhi Pro Res Qua Res Tes Sec Acc Com Used RIF Installer . | . . . . . . . . . . . . . . . . . . . . . . . . . . . . . . . . . . Robots Hacked 1 | . . . . . . . . . . . . . . . . . . . . 1 . . . . . . . . . . . . . Non-combat 1 | . . . . . . . . . . . . . . . . . . . . 1 . . . . . . . . . . . . . Combat . | . . . . . . . . . . . . . . . . . . . . . . . . . . . . . . . . . . Robot Hacks Applied 2 | . . . . . . . . . . . . . . . . . . . . 2 . . . . . . . . . . . . . check_alert 2 | . . . . . . . . . . . . . . . . . . . . 2 . . . . . . . . . . . . . Relay Couplers Released 3 | . . . . . . . . . . . . . . . . . . . . . 3 . . . . . . . . . . . . Machine Destruction 3 | . . . . . . . . . . . . . . . . . . . . . 3 . . . . . . . . . . . . Fabnet Peak Effective % . | . . . . . . . . . . . . . . . . . . . . . . . . . . . . . . . . . . Robots Rewired 9 | . . . . . . . . . . . . . . . . 2 . 7 . . . . . . . . . . . . . . . Allies Hacked . | . . . . . . . . . . . . . . . . . . . . . . . . . . . . . . . . . . Hacks Repelled . | . . . . . . . . . . . . . . . . . . . . . . . . . . . . . . . . . . Allies | -11 -10 -10 -10 -9 -8 -7 -7 -7 -7 -6 -6 -6 -6 -6 -6 -5 -5 -5 -5 -5 -5 -4 -4 -4 -4 -3 -3 -3 -2 -2 -2 -1 -1 -------- Run | Jun Mat Min Exi Min Mat Fac Low Low Dat Pro Fac Low Low Zio Dee Pro Fac Ext Cet Arc Hub Fac Upp Upp Zhi Pro Res Qua Res Tes Sec Acc Com Total Allies 21 | . . 3 . . . . . . . . . . . 5 . 2 . 9 1 . . . . . . . . . 1 . . . . Largest Group 9 | . . 3 3 1 . . . . . . . . . 5 5 2 . 9 8 1 . . . . . . . . 1 . . . . Highest-Rated Group 387 | . . 40 40 16 . . . . . . . . . 118 118 59 . 387 355 96 . . . . . . . . 45 . . . . Highest-Rated Ally 159 | . . 16 16 16 . . . . . . . . . 31 31 30 . 159 152 96 . . . . . . . . 45 . . . . Total Orders 4 | . . . . . . . . . . . . . . . . . . 4 . . . . . . . . . . . . . . . STAY 2 | . . . . . . . . . . . . . . . . . . 2 . . . . . . . . . . . . . . . FOLLOW 2 | . . . . . . . . . . . . . . . . . . 2 . . . . . . . . . . . . . . . Ally Attacks 295 | . . . 8 15 . . . . . . . . . . 85 13 . 71 94 9 . . . . . . . . . . . . . Total Damage 5380 | . . . 87 124 . . . . . . . . . . 849 193 . 1545 2255 327 . . . . . . . . . . . . . Kills 42 | . . . 1 4 . . . . . . . . . . 8 1 . 14 13 1 . . . . . . . . . . . . . Allies Corrupted . | . . . . . . . . . . . . . . . . . . . . . . . . . . . . . . . . . . Allies Melted . | . . . . . . . . . . . . . . . . . . . . . . . . . . . . . . . . . . Intel | -11 -10 -10 -10 -9 -8 -7 -7 -7 -7 -6 -6 -6 -6 -6 -6 -5 -5 -5 -5 -5 -5 -4 -4 -4 -4 -3 -3 -3 -2 -2 -2 -1 -1 ------- Run | Jun Mat Min Exi Min Mat Fac Low Low Dat Pro Fac Low Low Zio Dee Pro Fac Ext Cet Arc Hub Fac Upp Upp Zhi Pro Res Qua Res Tes Sec Acc Com Robot Analysis Total 131 | . . . . . . . . . 131 . . . . . . . . . . . . . . . . . . . . . . . . Derelict Logs Recovered 12 | . . 1 . 2 . . . 1 . 1 . 1 1 1 . 2 . . . . . . . 2 . . . . . . . . . Drone Launches . | . . . . . . . . . . . . . . . . . . . . . . . . . . . . . . . . . . Drone Recoveries . | . . . . . . . . . . . . . . . . . . . . . . . . . . . . . . . . . . Exploration | -11 -10 -10 -10 -9 -8 -7 -7 -7 -7 -6 -6 -6 -6 -6 -6 -5 -5 -5 -5 -5 -5 -4 -4 -4 -4 -3 -3 -3 -2 -2 -2 -1 -1 ------------- Run | Jun Mat Min Exi Min Mat Fac Low Low Dat Pro Fac Low Low Zio Dee Pro Fac Ext Cet Arc Hub Fac Upp Upp Zhi Pro Res Qua Res Tes Sec Acc Com Turns Passed 48523 | 5 1227 297 628 954 1148 3974 679 1856 940 1074 1244 644 841 2305 4309 1522 1038 1466 486 1644 1523 1574 1140 965 491 531 935 2172 1763 1923 3025 794 3406 Spaces Moved 17149 | 1 697 225 443 522 506 1561 267 717 270 331 427 241 316 918 1382 399 328 543 173 154 298 509 462 353 141 204 278 776 354 574 1146 347 1286 Core 14 | . . . . . . . . . . . . . . . . . . . . 14 . . . . . . . . . . . . . Treads 5376 | 1 423 . . . . 632 267 717 270 199 338 241 316 918 816 . . . . 25 196 2 . . . . . . 3 . . . 12 Legs 7936 | . . . . . . . . . . . . . . . 566 399 328 543 173 115 102 507 462 353 141 204 278 776 351 574 943 298 823 Wheels 3120 | . 274 225 443 522 506 929 . . . 132 89 . . . . . . . . . . . . . . . . . . . . . . Hover . | . . . . . . . . . . . . . . . . . . . . . . . . . . . . . . . . . . Flight . | . . . . . . . . . . . . . . . . . . . . . . . . . . . . . . . . . . Fastest Speed 125 | 160 125 125 125 155 155 170 246 246 246 275 246 246 246 246 210 210 240 240 240 240 240 240 240 210 210 240 210 240 240 240 226 183 180 Average Speed 227 | 160 146 125 137 155 169 222 246 246 261 308 260 246 246 246 232 231 240 240 240 503 240 240 240 248 210 240 239 240 240 240 230 215 217 Slowest Speed 3100 | 160 160 125 155 155 185 315 246 246 330 330 330 246 246 246 326 240 240 240 240 3100 240 320 240 330 240 240 240 240 320 240 240 226 305 Overloaded Moves . | . . . . . . . . . . . . . . . . . . . . . . . . . . . . . . . . . . Propulsion Burnouts . | . . . . . . . . . . . . . . . . . . . . . . . . . . . . . . . . . . Robots Hopped . | . . . . . . . . . . . . . . . . . . . . . . . . . . . . . . . . . . Cave-ins Triggered 2 | . . . . . . . . . . . . . . . . . . . . . . . . . . . . . . . . . 2 Teleports 2 | . . . . . . . . . . . . . . . . . . . . . . . . . . . . . . . 1 1 . Microwarps 64 | . . . . . . . . . . . . . . . . . . . . . . . . . . . . . . . 18 5 41 Exploration Rate (%) 50 | 2 81 40 70 98 53 46 41 77 80 47 12 41 51 79 81 60 8 86 60 78 34 12 67 62 60 44 13 85 13 58 54 10 29 Regions Visited 33 Branch Regions 24 Pre-discovered Areas 35 | . . . 1 1 . . . . 26 1 . . . 2 . . . . . . . . . 1 3 . . . . . . . . Known Exits Taken 20 | . . . . . 1 1 . . . . 1 1 1 1 . 1 1 . . . 1 1 1 1 1 1 1 1 1 1 1 1 . Unknown Exits Taken 13 | 1 1 1 1 1 . . 1 1 1 1 . . . . 1 . . 1 1 1 . . . . . . . . . . . . . Scrap Searched 26 | . . . . 2 . . 1 3 . 3 . 7 2 4 . 4 . . . . . . . . . . . . . . . . . Spaces Dug 363 | . . . . . . 4 . 6 12 . 3 . 1 3 10 5 14 1 . . 136 18 . 1 . 8 21 30 32 19 31 . 8 Terrain Destroyed 3428 | . 29 25 . 23 23 11 21 6 13 7 73 . 1 3 79 62 24 11 1 11 360 37 21 54 . 9 36 70 78 41 139 9 2151 Melee 5 | . . . . . . . . . . . . . 1 3 1 . . . . . . . . . . . . . . . . . . Projectile 2661 | . . . . . . 11 . 6 13 1 4 . . . . 20 24 11 1 11 34 37 3 2 . 9 36 70 78 41 89 9 2151 AOE 762 | . 29 25 . 23 23 . 21 . . 6 69 . . . 78 42 . . . . 326 . 18 52 . . . . . . 50 . . Terrain Rammed . | . . . . . . . . . . . . . . . . . . . . . . . . . . . . . . . . . . Walls Destroyed . | . . . . . . . . . . . . . . . . . . . . . . . . . . . . . . . . . . Machines Disabled . | . . . . . . . . . . . . . . . . . . . . . . . . . . . . . . . . . . Actions | -11 -10 -10 -10 -9 -8 -7 -7 -7 -7 -6 -6 -6 -6 -6 -6 -5 -5 -5 -5 -5 -5 -4 -4 -4 -4 -3 -3 -3 -2 -2 -2 -1 -1 --------- Run | Jun Mat Min Exi Min Mat Fac Low Low Dat Pro Fac Low Low Zio Dee Pro Fac Ext Cet Arc Hub Fac Upp Upp Zhi Pro Res Qua Res Tes Sec Acc Com Total 25305 | 6 798 238 459 594 660 1904 283 765 420 362 504 280 351 956 2345 933 538 673 221 961 964 724 488 422 339 228 477 953 1117 1067 1674 390 2211 Wait 5833 | . 18 4 4 27 17 79 3 . 36 1 4 18 6 13 719 463 169 11 3 734 537 98 12 47 179 11 123 57 612 432 363 24 1009 Move 16476 | . 696 224 442 521 505 1560 266 716 269 330 426 240 315 917 1381 398 327 542 172 153 297 508 461 352 140 203 277 775 353 573 960 302 875 Hop . | . . . . . . . . . . . . . . . . . . . . . . . . . . . . . . . . . . Pick Up 253 | . 15 1 3 4 14 40 2 1 14 2 8 5 1 3 41 3 3 5 7 2 12 7 . . 4 . 6 9 9 3 18 3 8 Fast Attach 99 | . 1 . . . 4 7 . . 2 . . . 2 3 14 1 4 3 . 6 4 2 . . 4 . 4 . 1 1 24 2 10 Attach 176 | 2 2 1 . . 7 9 1 . 6 1 5 1 2 . 18 2 1 . 1 5 3 4 1 . 2 . 1 1 10 2 9 5 74 Detach 100 | . . . . . 2 2 . . 3 . . . . . 12 1 . . . 4 2 1 1 2 . . . . . 2 4 2 62 Swap 242 | . 4 3 1 4 18 42 2 4 11 6 14 4 3 4 27 2 2 4 4 2 7 17 5 6 1 2 9 12 4 1 10 1 6 Drop 394 | 4 3 2 4 . 20 46 2 1 14 2 6 3 1 6 41 9 5 13 9 18 26 6 3 2 9 . 13 11 12 7 39 6 51 Fire 1571 | . 59 3 5 38 73 114 7 43 44 20 40 9 20 . 91 37 27 19 25 35 72 79 5 13 . 12 44 83 116 46 246 45 101 Melee 35 | . . . . . . . . . 21 . . . 1 10 1 . . . . 2 . . . . . . . . . . . . . Ram . | . . . . . . . . . . . . . . . . . . . . . . . . . . . . . . . . . . Kick 16 | . . . . . . . . . . . . . . . . . . 1 . . . 2 . . . . . . . . 1 . 12 Crush 4 | . . . . . . 1 . . . . 1 . . . . . . . . . . . . . . . . . . . . . 2 Escape Stasis 29 | . . . . . . 4 . . . . . . . . . . . 15 . . 4 . . . . . . 5 . . . . 1 Rewire 77 | . . . . . . . . . . . . . . . . 17 . 60 . . . . . . . . . . . . . . . Trap . | . . . . . . . . . . . . . . . . . . . . . . . . . . . . . . . . . . Miscellaneous . | . . . . . . . . . . . . . . . . . . . . . . . . . . . . . . . . . . Route ------- -11/Junkyard -10/Materials (discovered 5 exits: [*Mat x3] / [*Min x2]) -10/Mines -10/Exiles -9/Mines (discovered 2 exits: *Mat x2) -8/Materials (discovered 2 exits: *Fac x2) -7/Factory (discovered 3 exits: Sto / *Low x2) -7/Lower Caves -7/Lower Caves (discovered 2 exits: *Fac / *Dat) -7/Data Miner -6/Proximity Caves -6/Factory (discovered 3 exits: *Fac / *Low x2) -6/Lower Caves -6/Lower Caves (discovered 2 exits: *Fac / *Zio) -6/Zion -6/Deep Caves -5/Proximity Caves -5/Factory (discovered 5 exits: *Fac / Upp x2 / *Ext x2) -5/Extension (discovered 2 exits: *Fac / *Cet) -5/Cetus (discovered 2 exits: *Fac / [*Arc]) -5/Archives (discovered 3 exits: *Fac / *Hub x2) -5/Hub_04(d) (discovered 4 exits: *Fac x4) -4/Factory (discovered 4 exits: *Res x2 / *Upp x2) -4/Upper Caves -4/Upper Caves (discovered 2 exits: *Res / *Zhi) -4/Zhirov -3/Proximity Caves -3/Research -3/Quarantine -2/Research (discovered 2 exits: *Tes x2) -2/Testing (discovered 2 exits: *Acc / *Sec) -2/Section 7 -1/Access -1/Command History --------- Turn | Location | Event 6 | -11/Junkyard | Discovered new exit (range 0) 6 | -11/Junkyard | Entered Materials 270 | -10/Materials | Discovered new exit (range 13) 308 | -10/Materials | Build established: Mutant 480 | -10/Materials | Discovered new exit (range 13) 887 | -10/Materials | Discovered new exit (range 5) 991 | -10/Materials | Discovered new exit (range 9) 1165 | -10/Materials | Discovered new exit (range 10) 1233 | -10/Materials | Entered Mines 1310 | -10/Mines | Learned Materials terminal intel 1358 | -10/Mines | Joined a pair of Derelicts in attacking an 0b10 outpost 1403 | -10/Mines | Deemed a non-threat by the Exiles lab entrance 1403 | -10/Mines | Discovered new exit (range 5) 1468 | -10/Mines | Assisted by bots powering up and referring to "LRC-V3" 1530 | -10/Mines | Entered Exiles 1530 | -10/Exiles | Accompanied by 3 allies 1562 | -10/Exiles | Met 8R-AWN 1583 | -10/Exiles | Met EX-HEX 1632 | -10/Exiles | Met EX-DEC 1639 | -10/Exiles | Learned location of Zion (-6) 1662 | -10/Exiles | Met EX-BIN 1679 | -10/Exiles | Aligned with FarCom system 1680 | -10/Exiles | Given EX-Vault access code 1712 | -10/Exiles | Opened EX-Vault 1742 | -10/Exiles | Warned to stay clear of 0b10 Research branches 2075 | -10/Exiles | Discovered new exit (range 12) 2118 | -10/Exiles | Attacked by the Exiles 2158 | -10/Exiles | Entered Mines 2158 | -9/Mines | Accompanied by 1 ally 2159 | -9/Mines | Learned location of Storage (-7) 2309 | -9/Mines | Learned location of 1 exit from Materials 2334 | -9/Mines | Discovered new exit (range 6) 2501 | -9/Mines | Learned location of 1 exit from Materials 2559 | -9/Mines | Assembled infested the area 2564 | -9/Mines | Assisted by a Guerilla fighting off Assembled 2723 | -9/Mines | Found a damaged Exp. Sensor Array with a note attached 2726 | -9/Mines | Found Prototype Device 3093 | -9/Mines | Discovered new exit (range 9) 3112 | -9/Mines | Entered Materials 3112 | -8/Materials | Evolved 4 slots: Propulsion x1, Utility x2, Weapon x1 3113 | -8/Materials | Identified exit to Factory 3114 | -8/Materials | Loaded intel: 11 terminal locations 3116 | -8/Materials | Identified Exp. Sensor Array 3550 | -8/Materials | Build established: Scavenger-Tank 4260 | -8/Materials | Entered Factory 4260 | -7/Factory | Evolved 2 slots: Power x1, Utility x1 4614 | -7/Factory | Build established: Skirmisher 7763 | -7/Factory | Identified exit to Storage 7763 | -7/Factory | Identified exit to Lower Caves 8062 | -7/Factory | Garrison activated, responded to threat 8234 | -7/Factory | Entered Lower Caves 8330 | -7/Lower Caves | Attracted the attention of an 0b10 checkpoint 8359 | -7/Lower Caves | Build established: Tank 8896 | -7/Lower Caves | Discovered new exit (range 4) 8913 | -7/Lower Caves | Entered another Lower Caves area 8968 | -7/Lower Caves | Encountered a Warlord checkpoint 9028 | -7/Lower Caves | Discovered new exit (range 15) 9583 | -7/Lower Caves | Build established: Mutant 10200 | -7/Lower Caves | Learned Factory terminal intel 10305 | -7/Lower Caves | Attracted the attention of an 0b10 outpost 10610 | -7/Lower Caves | Build established: Tank 10700 | -7/Lower Caves | Spotted B-75 Beast 10752 | -7/Lower Caves | Discovered new exit (range 8) 10769 | -7/Lower Caves | Entered Data Miner 10769 | -7/Data Miner | Discovered new exit (range 6) 10816 | -7/Data Miner | Met Data Miner 10865 | -7/Data Miner | Learned location of Section 7 (-2) 10865 | -7/Data Miner | Acquired the access code to Warlord's prototype stash 10900 | -7/Data Miner | Received God Mode back door access code from Data Miner 11007 | -7/Data Miner | Interfaced with the Data Conduit 11201 | -7/Data Miner | Found Exp. Thermal Shield 11709 | -7/Data Miner | Entered Proximity Caves 12120 | -6/Proximity Caves | Build established: Gunner 12702 | -6/Proximity Caves | Discovered new exit (range 10) 12783 | -6/Proximity Caves | Entered Factory 12783 | -6/Factory | Evolved 2 slots: Utility x2 12784 | -6/Factory | Loaded intel: 290 machine locations 12785 | -6/Factory | Loaded intel: 26 terminal locations 12954 | -6/Factory | Found Launcher Loader 12969 | -6/Factory | Discovered new exit (range 12) 13280 | -6/Factory | Build established: Tank 13383 | -6/Factory | Identified exit to Factory 13669 | -6/Factory | Build established: Scavenger-Skirmisher 13830 | -6/Factory | Identified exit to Lower Caves 14010 | -6/Factory | Build established: Scavenger-Mutant 14027 | -6/Factory | Entered Lower Caves 14096 | -6/Lower Caves | Learned Factory emergency access door positions 14345 | -6/Lower Caves | Build established: Scavenger-Skirmisher 14563 | -6/Lower Caves | Encountered a Warlord checkpoint 14609 | -6/Lower Caves | Discovered new exit (range 5) 14619 | -6/Lower Caves | Identified exit to Lower Caves 14671 | -6/Lower Caves | Entered another Lower Caves area 14733 | -6/Lower Caves | Discovered exit to Factory (range 6) 14754 | -6/Lower Caves | Build established: Scavenger-Gunner 15013 | -6/Lower Caves | Spotted B-75 Beast 15110 | -6/Lower Caves | Destroyed B-75 Beast 15179 | -6/Lower Caves | Learned Factory terminal intel 15298 | -6/Lower Caves | Found Alien Artifact 15298 | -6/Lower Caves | Identified Core Expander 15298 | -6/Lower Caves | Installed Core Expander, added new Power slot 15495 | -6/Lower Caves | Discovered new exit (range 7) 15507 | -6/Lower Caves | Identified exit to Zion 15512 | -6/Lower Caves | Entered Zion 15620 | -6/Zion | System corruption cleaned by Quarantine Array 15815 | -6/Zion | Build established: Scavenger-Mutant 16165 | -6/Zion | Given the Hacking Drone Bay 16195 | -6/Zion | Build established: Scavenger-Skirmisher 16392 | -6/Zion | Found Exp. System Shield 16718 | -6/Zion | Build established: Skirmisher 17200 | -6/Zion | Gained Derelict followers 17389 | -6/Zion | Discovered new exit (range 5) 17391 | -6/Zion | Saw the warning signs outside the Deep Caves entrance 17396 | -6/Zion | Identified exit to Deep Caves 17653 | -6/Zion | Build established: Mutant 17817 | -6/Zion | Entered Deep Caves 17817 | -6/Deep Caves | Accompanied by 5 allies 18121 | -6/Deep Caves | Build established: Skirmisher 18207 | -6/Deep Caves | Attacked by Z-Imprinter 18224 | -6/Deep Caves | Allies destroyed Z-Imprinter 18257 | -6/Deep Caves | Found Prototype Device 18257 | -6/Deep Caves | Identified Zio. Metafield Generator 18375 | -6/Deep Caves | Z-Facility disabled 18662 | -6/Deep Caves | Found Prototype Protection 18820 | -6/Deep Caves | Found Prototype Protection 18850 | -6/Deep Caves | Build established: Scavenger-Mutant 19527 | -6/Deep Caves | Discovered new exit (range 6) 19662 | -6/Deep Caves | Build established: Mutant 19862 | -6/Deep Caves | Identified Zio. Heavy Carapace (x2) 19873 | -6/Deep Caves | Spotted as-26513 19900 | -6/Deep Caves | Destroyed as-26513 19993 | -6/Deep Caves | Spotted as-06079 20025 | -6/Deep Caves | Destroyed as-06079 20066 | -6/Deep Caves | Found GOLEM Unit 20323 | -6/Deep Caves | Triggered Deep Caves wall 20323 | -6/Deep Caves | Spotted AS-68968 20323 | -6/Deep Caves | Spotted AS-39440 20347 | -6/Deep Caves | Destroyed AS-39440 20351 | -6/Deep Caves | Exposed GOLEM chamber 20372 | -6/Deep Caves | Destroyed AS-68968 20390 | -6/Deep Caves | Lost 6 parts (1p2n2u1w) 20455 | -6/Deep Caves | Destroyed 46 combat bots 20809 | -6/Deep Caves | Found AWS/Autocannon 21017 | -6/Deep Caves | Found GOLEM Unit 21028 | -6/Deep Caves | Found GOLEM Unit 21111 | -6/Deep Caves | Found GOLEM Unit 21130 | -6/Deep Caves | Found GOLEM Unit 21184 | -6/Deep Caves | Build established: Golem 21550 | -6/Deep Caves | Found Zio. Heavy Carapace 22126 | -6/Deep Caves | Entered Proximity Caves 22215 | -5/Proximity Caves | Spotted B-75 Beast 22303 | -5/Proximity Caves | Attracted the attention of an 0b10 checkpoint 22435 | -5/Proximity Caves | Destroyed B-75 Beast 23068 | -5/Proximity Caves | Learned Factory emergency access door positions 23451 | -5/Proximity Caves | Attracted the attention of an 0b10 outpost 23648 | -5/Proximity Caves | Entered Factory 23648 | -5/Factory | Evolved 2 slots: Utility x2 23649 | -5/Factory | Identified exit to Upper Caves 23651 | -5/Factory | Loaded intel: 295 machine locations 23652 | -5/Factory | Loaded intel: 26 terminal locations 23728 | -5/Factory | Discovered new exit (range 12) 24012 | -5/Factory | Identified exit to Extension 24298 | -5/Factory | Build established: Hacker-Golem 24334 | -5/Factory | Repaired Imp. Medium Armor Plating 24368 | -5/Factory | Repaired Mni. Grenade Launcher 24468 | -5/Factory | Repaired Adv. Energy Well? 24686 | -5/Factory | Entered Extension 24687 | -5/Extension | Loaded intel: 23 machine locations 24764 | -5/Extension | Rescued A7 25123 | -5/Extension | Rescued a captive Derelict 25186 | -5/Extension | Build established: Commander-Golem 25602 | -5/Extension | Spotted B-75 Beast 25613 | -5/Extension | Allies destroyed B-75 Beast 25628 | -5/Extension | Spotted B-75 Beast 25641 | -5/Extension | Destroyed B-75 Beast 26107 | -5/Extension | Discovered new exit (range 10) 26110 | -5/Extension | Discovered new exit (range 6) 26152 | -5/Extension | Entered Cetus 26152 | -5/Cetus | Accompanied by 8 allies (A7) 26153 | -5/Cetus | Loaded intel: 24 machine locations 26157 | -5/Cetus | Acquired a Cetus Manufacturing Module code from A7 26179 | -5/Cetus | Spotted Cetus Guard 26179 | -5/Cetus | Spotted Cetus Guard 26180 | -5/Cetus | Spotted Cetus Guard 26180 | -5/Cetus | Spotted Cetus Guard 26190 | -5/Cetus | Allies destroyed Cetus Guard 26198 | -5/Cetus | Allies destroyed Cetus Guard 26204 | -5/Cetus | Allies destroyed Cetus Guard 26210 | -5/Cetus | Allies destroyed Cetus Guard 26316 | -5/Cetus | Started Cetus Manufacturing Module 26331 | -5/Cetus | Discovered new exit (range 21) 26341 | -5/Cetus | Manufactured an Enhanced Grunt 26341 | -5/Cetus | Cetus Manufacturing Module disabled 26382 | -5/Cetus | Spotted Cetus Guard 26382 | -5/Cetus | Spotted Cetus Guard 26386 | -5/Cetus | Spotted Cetus Guard 26386 | -5/Cetus | Spotted Cetus Guard 26393 | -5/Cetus | Allies destroyed Cetus Guard 26397 | -5/Cetus | Destroyed Cetus Guard 26403 | -5/Cetus | Destroyed Cetus Guard 26406 | -5/Cetus | Destroyed Cetus Guard 26407 | -5/Cetus | Discovered new exit (range 21) 26412 | -5/Cetus | Extracted ID and sensor layout for unrecognized location from A7's data core 26455 | -5/Cetus | Met Revision 17 26573 | -5/Cetus | Build established: Golem 26638 | -5/Cetus | Entered Archives 26638 | -5/Archives | Accompanied by 1 ally 26639 | -5/Archives | Loaded intel: 8 machine locations 26779 | -5/Archives | Discovered new exit (range 15) 26834 | -5/Archives | Discovered new exit (range 22) 26834 | -5/Archives | Discovered new exit (range 18) 28282 | -5/Archives | Entered Hub_04(d) 28283 | -5/Hub_04(d) | Loaded intel: 91 machine locations 28316 | -5/Hub_04(d) | Identified exit to Factory 28494 | -5/Hub_04(d) | Identified exit to Garrison 28533 | -5/Hub_04(d) | Network Hub disabled 28553 | -5/Hub_04(d) | Spotted Lightning 28553 | -5/Hub_04(d) | Spotted Lightning 28553 | -5/Hub_04(d) | Spotted Lightning 28570 | -5/Hub_04(d) | Destroyed Lightning 28576 | -5/Hub_04(d) | Destroyed Lightning 28582 | -5/Hub_04(d) | First assault squad dispatched 28594 | -5/Hub_04(d) | Destroyed Lightning 28636 | -5/Hub_04(d) | Found Exp. EM Disruption Field 28643 | -5/Hub_04(d) | Destroyed 8 combat bots 28666 | -5/Hub_04(d) | Found Prototype Energy Cannon 28682 | -5/Hub_04(d) | Found Exp. Targeting Computer 28846 | -5/Hub_04(d) | Spotted Lightning 28849 | -5/Hub_04(d) | Spotted Lightning 28855 | -5/Hub_04(d) | Spotted Lightning 28897 | -5/Hub_04(d) | Destroyed Lightning 28918 | -5/Hub_04(d) | Destroyed Lightning 28940 | -5/Hub_04(d) | Found Exp. EM Disruption Field 28961 | -5/Hub_04(d) | Build established: Scavenger-Golem 28976 | -5/Hub_04(d) | Network Hub disabled 29048 | -5/Hub_04(d) | Destroyed Lightning 29805 | -5/Hub_04(d) | Entered Factory 29805 | -4/Factory | Evolved 2 slots: Propulsion x1, Utility x1 29807 | -4/Factory | Loaded intel: 297 machine locations 30238 | -4/Factory | Destroyed 8 combat bots 30332 | -4/Factory | Repaired Broken Centrium Heavy Treads 30371 | -4/Factory | Discovered new exit (range 5) 30386 | -4/Factory | Identified exit to Research 30804 | -4/Factory | Identified exit to Upper Caves 30804 | -4/Factory | Discovered exit to Research (range 13) 30939 | -4/Factory | Intercept squad dispatched 30957 | -4/Factory | Spotted Tracker 30958 | -4/Factory | Spotted Tracker 30967 | -4/Factory | Destroyed Tracker 30985 | -4/Factory | Spotted Combat Programmer 30988 | -4/Factory | Destroyed Tracker 31008 | -4/Factory | Destroyed Combat Programmer 31041 | -4/Factory | Spotted Combat Programmer 31055 | -4/Factory | First assault squad dispatched 31061 | -4/Factory | Destroyed Combat Programmer 31379 | -4/Factory | Entered Upper Caves 32493 | -4/Upper Caves | Discovered new exit (range 12) 32517 | -4/Upper Caves | Identified exit to Upper Caves 32519 | -4/Upper Caves | Entered another Upper Caves area 32676 | -4/Upper Caves | Discovered exit to Research (range 8) 33002 | -4/Upper Caves | Destroyed 7 combat bots 33445 | -4/Upper Caves | Discovered new exit (range 16) 33479 | -4/Upper Caves | Identified exit to Zhirov 33484 | -4/Upper Caves | Entered Zhirov 33486 | -4/Zhirov | Discovered new exit (range 3) 33524 | -4/Zhirov | Met Zhirov 33583 | -4/Zhirov | Zhirov requested help retrieving the SGEMP Prototype 33615 | -4/Zhirov | Found Alien Artifact 33615 | -4/Zhirov | Identified Integrated Reactor 33615 | -4/Zhirov | Installed Integrated Reactor, increased core energy generation (+10) 33709 | -4/Zhirov | Found Alien Artifact 33790 | -4/Zhirov | Identified exit to Proximity Caves 33939 | -4/Zhirov | Build established: Golem 33975 | -4/Zhirov | Entered Proximity Caves 34467 | -3/Proximity Caves | Discovered exit to Research (range 15) 34506 | -3/Proximity Caves | Entered Research 34506 | -3/Research | Evolved 2 slots: Utility x2 34507 | -3/Research | Loaded intel: 105 machine locations 35424 | -3/Research | Discovered new exit (range 9) 35438 | -3/Research | Identified exit to Quarantine 35441 | -3/Research | Entered Quarantine 35442 | -3/Quarantine | Loaded intel: 58 machine locations 35504 | -3/Quarantine | Cryocooling Duct disabled 35519 | -3/Quarantine | Ambient heat levels rising (+20) 35519 | -3/Quarantine | Non-combat units ordered to evacuate 35581 | -3/Quarantine | Build established: Hacker-Golem 35879 | -3/Quarantine | Found Alien Artifact 36314 | -3/Quarantine | Intercept squad dispatched 36326 | -3/Quarantine | Spotted Tracker 36339 | -3/Quarantine | Destroyed Tracker 36354 | -3/Quarantine | Spotted Combat Programmer 36358 | -3/Quarantine | Destroyed Combat Programmer 36385 | -3/Quarantine | Found Alien Artifact 36396 | -3/Quarantine | Found Alien Artifact 36405 | -3/Quarantine | Found Alien Artifact 36977 | -3/Quarantine | Identified Transdimensional Reconstructor 36977 | -3/Quarantine | Identified Dimensional Node Initializer 36977 | -3/Quarantine | Identified Subatomic Replicator 36977 | -3/Quarantine | Identified Hpw. Transdimensional Reconstructor (x2) 37149 | -3/Quarantine | Intercept squad dispatched 37153 | -3/Quarantine | Spotted Tracker 37159 | -3/Quarantine | Destroyed Tracker 37164 | -3/Quarantine | Spotted Combat Programmer 37168 | -3/Quarantine | Destroyed Combat Programmer 37249 | -3/Quarantine | Found Alien Artifact 37274 | -3/Quarantine | Discovered new exit (range 16) 37418 | -3/Quarantine | Identified Core Reset Matrix 37610 | -3/Quarantine | Identified exit to Research 37613 | -3/Quarantine | Entered Research 37613 | -2/Research | Evolved 2 slots: Utility x2 37614 | -2/Research | Identified exit to Testing 37615 | -2/Research | Loaded intel: 88 machine locations 37783 | -2/Research | Fabricated Hyb. Antimatter Reactor (x2) 37836 | -2/Research | Fabricated Hyb. Antimatter Reactor (x2) 37884 | -2/Research | Fabricated Hyb. Antimatter Reactor (x2) 38475 | -2/Research | Destroyed 7 combat bots 38612 | -2/Research | Intercept squad dispatched 38618 | -2/Research | Spotted Tracker 38618 | -2/Research | Spotted Tracker 38620 | -2/Research | Destroyed Tracker 38627 | -2/Research | Destroyed Tracker 38633 | -2/Research | Spotted Combat Programmer 38633 | -2/Research | Spotted Combat Programmer 38644 | -2/Research | First assault squad dispatched 38644 | -2/Research | Destroyed Combat Programmer 38693 | -2/Research | System corruption reached 10% 38722 | -2/Research | Destroyed 8 combat bots 39376 | -2/Research | Entered Testing 39377 | -2/Testing | Loaded intel: 59 machine locations 40000 | -2/Testing | Found Prototype Energy Cannon 40032 | -2/Testing | Discovered new exit (range 8) 40132 | -2/Testing | Found Prototype Energy Cannon 40723 | -2/Testing | Spotted Fortress 40894 | -2/Testing | Discovered new exit (range 6) 40904 | -2/Testing | Identified exit to Section 7 41238 | -2/Testing | Identified Null Cannon 41299 | -2/Testing | Entered Section 7 41300 | -2/Section 7 | Loaded intel: 146 machine locations 41586 | -2/Section 7 | Found Alien Artifact 41708 | -2/Section 7 | Found Alien Artifact 41708 | -2/Section 7 | Identified Spacefold Activator 41790 | -2/Section 7 | Spotted B-90 Cyclops 41931 | -2/Section 7 | Found Alien Artifact 41931 | -2/Section 7 | Identified Integrity Redistributor 41931 | -2/Section 7 | Used Integrity Redistributor, redistributed integrity from core (-138) 42016 | -2/Section 7 | Discovered new exit (range 15) 42068 | -2/Section 7 | Found Integrated Reactor 42068 | -2/Section 7 | Installed Integrated Reactor, increased core energy generation (+10) 42333 | -2/Section 7 | Found Exp. Force Field 42504 | -2/Section 7 | Spotted S7 Guard 42521 | -2/Section 7 | Destroyed S7 Guard 42627 | -2/Section 7 | Destroyed 9 combat bots 42653 | -2/Section 7 | Found Integrated Reactor 42653 | -2/Section 7 | Installed Integrated Reactor, increased core energy generation (+10) 42881 | -2/Section 7 | Initialized slip node 42895 | -2/Section 7 | Found Alien Artifact 42994 | -2/Section 7 | Identified Navigation Efficiency Matrix 43092 | -2/Section 7 | Spotted Alpha 7 43094 | -2/Section 7 | Spotted S7 Guard 43111 | -2/Section 7 | Destroyed S7 Guard 43118 | -2/Section 7 | Found Prototype Protection 43118 | -2/Section 7 | Identified Hvy. Regenerative Plating 43126 | -2/Section 7 | Found Alien Artifact 43201 | -2/Section 7 | Intercept squad dispatched 43210 | -2/Section 7 | Spotted Tracker 43210 | -2/Section 7 | Spotted Tracker 43219 | -2/Section 7 | Destroyed Tracker 43222 | -2/Section 7 | Destroyed Tracker 43229 | -2/Section 7 | Spotted Combat Programmer 43237 | -2/Section 7 | Destroyed Combat Programmer 43237 | -2/Section 7 | Spotted Combat Programmer 43241 | -2/Section 7 | Destroyed Combat Programmer 43336 | -2/Section 7 | First assault squad dispatched 43385 | -2/Section 7 | Identified Core Regenerator 43513 | -2/Section 7 | Build established: Hacker-Mutant 43743 | -2/Section 7 | Identified Microwarp Drive 43745 | -2/Section 7 | Spotted B-99 Colossus 43844 | -2/Section 7 | Found Alien Artifact 43844 | -2/Section 7 | Identified LRC Storage 43844 | -2/Section 7 | Installed LRC Storage, increased inventory capacity (+2) 44109 | -2/Section 7 | Core integrity fell below 50% 44118 | -2/Section 7 | Intercept squad dispatched 44128 | -2/Section 7 | Used Core Regenerator, restored core integrity (+362) 44138 | -2/Section 7 | Spotted Tracker 44138 | -2/Section 7 | Spotted Tracker 44148 | -2/Section 7 | Destroyed Tracker 44152 | -2/Section 7 | Destroyed Tracker 44178 | -2/Section 7 | Found Alien Reactor 44181 | -2/Section 7 | Spotted Combat Programmer 44182 | -2/Section 7 | Spotted Combat Programmer 44183 | -2/Section 7 | System corruption reached 30% 44188 | -2/Section 7 | Destroyed Combat Programmer 44196 | -2/Section 7 | Destroyed Combat Programmer 44223 | -2/Section 7 | Warped through subspace to slip node 44236 | -2/Section 7 | Found Alien Energy Cannon 44322 | -2/Section 7 | Identified exit to Access 44324 | -2/Section 7 | Entered Access 44324 | -1/Access | Evolved 2 slots: Power x1, Weapon x1 44325 | -1/Access | Loaded intel: 112 machine locations 44486 | -1/Access | Identified Matter Drive 44612 | -1/Access | First assault squad dispatched 44676 | -1/Access | Destroyed 7 combat bots 44813 | -1/Access | Build established: Generator-Golem 44897 | -1/Access | Warped through subspace 45107 | -1/Access | Discovered new exit (range 7) 45116 | -1/Access | Identified exit to Command 45118 | -1/Access | Entered Command 45119 | -1/Command | Loaded intel: 57 machine locations 45368 | -1/Command | First assault squad dispatched 45530 | -1/Command | Destroyed 10 combat bots 46096 | -1/Command | Identified Drained L-Cannon 46303 | -1/Command | Fired Drained L-Cannon 46451 | -1/Command | Fired Drained L-Cannon 46636 | -1/Command | Fired Drained L-Cannon 46636 | -1/Command | High security lockdown imminent 46636 | -1/Command | 0b10 Conduit disabled 46716 | -1/Command | High security lockdown engaged 46731 | -1/Command | Destroyed 8 combat bots 46814 | -1/Command | Crushed by falling debris 46815 | -1/Command | System corruption reached 10% 47602 | -1/Command | Lost 3 parts (1p1n1w) 47609 | -1/Command | Spotted B-99 Colossus 47614 | -1/Command | Core integrity fell below 50% 47771 | -1/Command | Core integrity fell below 20% 47860 | -1/Command | Fired Drained L-Cannon 47998 | -1/Command | Fired Drained L-Cannon 48102 | -1/Command | Build established: Generator-Gunner 48126 | -1/Command | Fired Drained L-Cannon 48283 | -1/Command | Fired Drained L-Cannon 48478 | -1/Command | Spotted B-99 Colossus 48525 | -1/Command | Crushed by falling debris 48525 | -1/Command | Smashed by cave-in Last Messages --------------- 48478_ Slug penetrates Wall. 48478_ Penetrated by Slug. 48478_ Microwarped (distance 5). 48479_ Microwarped (distance 3). 48480_ Microwarped (distance 7). 48504_ Slug penetrates Wall. 48517_ System corrupted: Component data lost. 48518_ Slug penetrates Earth. 48523_ Slug penetrates Wall. 48523_ Slug penetrates Earth. 48525_ The unstable cave ceiling collapses. 48525_ Crushed by falling debris. 48525_ Hyb. Antimatter Reactor destroyed. 48525_ System corrupted by crushing effect (+3). 48525_ Asb. Biocell Array destroyed. 48525_ System corrupted by crushing effect (+4). 48525_ Adv. Energy Well destroyed. 48525_ System corrupted by crushing effect (+5). 48525_ Asb. Biocell Array destroyed. 48525_ System corrupted by crushing effect (+1). Map ----- +----------------------------------------------------+ | ???????# ## "#?????????????????????????????? | | ???????# ## ""#?????????????????????????????? | | ??? #### ## ""#?????????????????????????????? | | ??? # ## T#?????????????????????????????? | | ???? # ## ""#?????????????????????????????? | | "??? # ## ""#?????????????????????????????? | | " ?? # #" ""#?????????????????????????????? | | """ #??# #" #???????????????????""""""????? | | " #?# "" ######??????????????"????"????? | | #" % "## """###"""" #??????????????"?""?"????? | | ## " " % "" #??????????????"??"?"????? | | #"""% # % % % % T +??????????????"????"????? | | %"""""""""#"""# #??????????????""""""????? | | # "= [ % ##% ##????????????????????????? | | *%[ "# #?????????????????????????? | | # % "=%! = "# #?????????????????????????? | | ?# " = [%* !*"# #?????????????????????????? | | ???# " %=% ## #?????????????????????????? | | ???## % % = ## #??????????????????######## | | ???## " =! ## #??????????????????# % | | ???# " %% ## #???????????######## !!|" | | ??## " ## #?????? #?###""" # !||# | | ??# " = ## ####?? #?##" " !| # | | ?## " = ## ## ## #??# " """ " | | ?# " ## ## ????##" "##"""" [ | | ?# """""""""""####=%##@####### "####" | | # # """"""""##### * ##??## | | # ## " ] "#???# | | ?## " % ;#########" ##???# # | | ??????##" ;%##?????#######????# ## | | ??????# " " ###???????????????# #? | | ??????# " " #???????????????#######? | | ??????##"""";;;;;;;;""" #?????????????????????? | | ???????# %% ##?????????????????????? | | ???????########### ######??????????????????????? | | | | | | | | | | | | | | | | | | | | | | | | | | | | | | | +----------------------------------------------------+ Best States ------------- Heat Dissipation 97 Coolant Potential 100 Energy Generation 115 Energy Capacity 10300 Matter Stores 300 Matter Capacity 300 Sight Range 22 Robot Scan Range 20 Terrain Scan Density 10 Jamming Range 16 Additional Mass Support 20 Armor Coverage 1600 Resistance: KI 15 Resistance: TH 15 Resistance: EX 15 Resistance: EM 75 Resistance: I 15 Resistance: S 15 Resistance: P 15 Weapon Cycling 25 Phase Shifting 8 Evasion (%) 48 Targeting Accuracy 20 Core Analysis 8 Recoil Reduction 3 Particle Charging 30 Salvage Targeting 4 Offensive Hacking 28 Defensive Hacking 16 Authchip Count 3 Trap Extractor Capacity 6 Item Schematics ----------------- Huge Storage Unit | -10/Materials | Hacked Lgt. Ion Engine | -8/Materials | Hacked Adv. Treads | -8/Materials | Hacked Combat Drone Bay | -7/Data Miner | Free Lgt. Regenerative Plating | -7/Data Miner | Free Biomechanical Wings | -7/Data Miner | Free Gravity Neutralizer | -7/Data Miner | Free Force Rifle | -7/Data Miner | Free Gyrokinetic Inverter | -7/Data Miner | Free Imp. Shock Absorption System | -7/Data Miner | Free Hvy. Phase Cannon | -7/Data Miner | Free KE Penetrator | -7/Data Miner | Free Imp. Plasma Cutter | -7/Data Miner | Free Hardcell Cannon | -7/Data Miner | Free Assault Drone Bay | -4/Zhirov | Free Exp. Heat Sink | -4/Zhirov | Free Exp. Optical Array | -4/Zhirov | Free Imp. Arc Thrower | -4/Zhirov | Free Hyb. Antimatter Reactor | -3/Quarantine | Hacked Adv. Energy Well | -3/Quarantine | Scanalyzed Robot Schematics ------------------ H-66 Slayer | -7/Data Miner | Free B-48 Gladiator | -7/Data Miner | Free L-41 Fighter | -7/Data Miner | Free S-27 Virus | -7/Data Miner | Free R-10 Processor | -7/Data Miner | Free A-15 Conveyor | -7/Data Miner | Free Fabricated ------------ Hyb. Antimatter Reactor | x2 | -2/Research | Authchip Hyb. Antimatter Reactor | x2 | -2/Research | Authchip Hyb. Antimatter Reactor | x2 | -2/Research | Authchip Alien Tech Used ----------------- Core Expander Integrated Reactor Spacefold Activator Integrity Redistributor Dimensional Node Initializer Microwarp Drive LRC Storage Core Regenerator Transdimensional Reconstructor Matter Drive High-powered Transdimensional Reconstructor Drained L-Cannon Achievements -------------- None Challenges ------------ None Game ------ Seed TiamatTractorSource Manual? 0 Play Time 04:19:54 Cumulative 775.8 hours Start 2023.03.11 @ 14:55:04 End 2023.03.12 @ 20:42:59 Sessions 5 Manual Loads 0 Difficulty Rogue Special Mode None Game No. 669 Rogue 669 Adventurer 0 Explorer 0 Win Type - Total 35 Types 14/5/6/1/1/1/5/1/1 Lore% 93 Gallery% 97 Achievement% 81 Wizard Run 0 Options --------- ASCII 0 Keyboard 0 Movement Mouse Keybinds 1 Fullscreen 2 Font 24/Smallcaps Map View 76x50 Tactical HUD 1 Map Filters NONE Filters NONE Steam 1 RUN: ebb2b9d9-03cc-4483-bc27-1d27717b7687